 Dungeon Crawl Stone Soup version 0.20.1-1-g8b1a95d (webtiles) character file.

1694999 letownia2 the Dwarf of Death (level 27, -6/327 HPs)
             Began as a Deep Dwarf Necromancer on Dec 28, 2017.
             Was the Champion of Makhleb.
             Mangled by a jumping spider (15 damage)
             ... on level 24 of a ziggurat on Dec 30, 2017.
             The game lasted 15:34:51 (176936 turns).

letownia2 the Dwarf of Death (DDNe)               Turns: 176936, Time: 15:34:52

Health: -6/327     AC:  3    Str: 30    XL:     27
Magic:  1/63       EV: 27    Int: 23    God:    Makhleb [******]
Gold:   7139       SH:  0    Dex: 22    Spells: 7/80 levels left

rFire    + + +     SeeInvis +   b - +0 executioner's axe of Desertification {speed, Str+4 SInv}
rCold    + + .     Gourm    .   (shield currently unavailable)
rNeg     + + +     Faith    .   Q - +11 crystal plate armour
rPois    +         Spirit   .   S - -2 hat of the Alchemist {rElec rPois rF+ rC+ rN+ MR+ rMut rCorr}
rElec    +         Reflect  .   e - scarf "Agutooc" {*Contam rC+ MP+9 Str+6}
rCorr    +         Harm     .   K - +3 pair of gauntlets of War {Slay+5}
rMut     +                      G - +2 pair of boots of the Assassin {Detection Stab+ Stlth++}
MR       +++++                  t - macabre finger necklace {rN+}
Stlth    ++++++....             s - ring of the Saviour {+Fly AC+2 Int+4 Slay+3}
Regen    0.0/turn               O - +5 ring of slaying
MPRegen  0.4/turn               A - ring of Hard Scrabble {rF+ Int-2 Dex+9 Slay+3}

@: lethally poisoned (-6 -> -6), singing, corroded, very slightly contaminated,
non-regenerating, hasted and slowed, deflect missiles
A: damage resistance, heal wounds, horns 2, camouflage 1, fire resistance 1,
negative energy resistance 1, sense surroundings 3, robust 1, no regeneration
}: 10/15 runes: decaying, serpentine, slimy, silver, golden, iron, obsidian,
icy, bone, abyssal
a: Heal Wounds, Minor Destruction, Lesser Servant of Makhleb, Major Destruction,
Greater Servant of Makhleb, Renounce Religion, Evoke Flight


You were on level 24 of a ziggurat.
You worshipped Makhleb.
Makhleb was exalted by your worship.
You were hungry.

You visited 18 branches of the dungeon, and saw 90 of its levels.
You visited the Abyss 22 times.
You visited 6 ziggurats (completing 5), and saw 159 of their levels.
You also visited: Labyrinth, Trove and Volcano.

You collected 77314 gold pieces.
You spent 12864 gold pieces at shops.
You paid 57311 gold pieces to Gozag.

Inventory:

Hand Weapons
 a - the +8 frozen axe "Frostbite" {freezing cloud, *Noise +Fly rC+}
   (You bought it in a shop in the Vestibule of Hell)

   It has been specially enchanted to freeze those struck by it, causing extra
   injury to most foes and up to half again as much damage against particularly
   susceptible opponents.
   It can also slow down cold-blooded creatures.
   It protects you from cold.
   It lets you fly.
   It may make noises in combat.
 b - the +0 executioner's axe of Desertification (weapon) {speed, Str+4 SInv}
   (You found it in a treasure trove)

   Attacks with this weapon are significantly faster.
   It affects your strength (+4).
   It lets you see invisible.
 d - the +5 pair of quick blades "Gyre" and "Gimble" {pierce, Dex-3}
   (You found it on level 25 of a ziggurat)

   It inflicts extra damage upon your enemies.
   It affects your dexterity (-3).
 w - a +1 scythe of distortion
 y - a +9 executioner's axe of electrocution
 F - the +7 sceptre of Torment
   (You found it on level 25 of a ziggurat)
 I - a +2 executioner's axe of chopping
 N - the +9 heavy crossbow "Sniper" {velocity, Acc+∞ SInv}
   (You found it on level 21 of a ziggurat)

   Any bolt fired from it inflicts extra damage.
   It lets you see invisible.
 T - the +6 arbalest "Damnation" {damnation}
   (You found it on level 13 of a ziggurat)
 W - a +9 vampiric executioner's axe
Missiles
 g - 1962 bolts
Armour
 e - the scarf "Agutooc" (worn) {*Contam rC+ MP+9 Str+6}
   (You bought it in a shop on level 2 of the Depths)

   It affects your strength (+6).
   It protects you from cold.
   It affects your magic capacity (+9).
   It causes magical contamination when unequipped.
 f - the +1 cloak of Starlight {rElec rC+ EV+4 Stlth--}
   (You acquired it on level 19 of a ziggurat)

   It affects your evasion (+4).
   It protects you from cold.
   It insulates you from electricity.
   It makes you much less stealthy.
 G - the +2 pair of boots of the Assassin (worn) {Detection Stab+ Stlth++}
   (You found it on level 27 of a ziggurat)

   It makes you much more stealthy.
 K - the +3 pair of gauntlets of War (worn) {Slay+5}
   (You found it on level 5 of the Pits of Slime)

   It affects your accuracy and damage with ranged weapons and melee attacks
   (+5).
 Q - a +11 crystal plate armour (worn)
 S - the -2 hat of the Alchemist (worn) {rElec rPois rF+ rC+ rN+ MR+ rMut rCorr}
   (You bought it in a shop on level 2 of the Lair of Beasts)

   It protects you from fire.
   It protects you from cold.
   It insulates you from electricity.
   It protects you from poison.
   It protects you from negative energy.
   It affects your resistance to hostile enchantments.
   It protects you from acid and corrosion.
   It protects you from mutation.
Jewellery
 c - the amulet "Xogum" {Reflect rN+ SH+6 SInv}
   (You found it on level 3 of a ziggurat)

   [amulet of reflection]

   It shields you and reflects attacks.
   It protects you from negative energy.
   It lets you see invisible.
   It affects your SH (+6).
 s - the ring of the Saviour (left hand) {+Fly AC+2 Int+4 Slay+3}
   (You bought it in a shop in the Vestibule of Hell)

   [ring of protection]

   It affects your AC (+2).
   It affects your intelligence (+4).
   It affects your accuracy and damage with ranged weapons and melee attacks
   (+3).
   It lets you fly.
 t - the macabre finger necklace (around neck) {rN+}
   (You found it on level 11 of a ziggurat)

   [amulet of nothing]

   It protects you from negative energy.
 A - the ring of Hard Scrabble (on amulet) {rF+ Int-2 Dex+9 Slay+3}
   (You found it on level 5 of the Dungeon)

   [ring of protection from fire]

   It affects your intelligence (-2).
   It affects your dexterity (+9).
   It affects your accuracy and damage with ranged weapons and melee attacks
   (+3).
   It protects you from fire.
 J - the ring of Vuwuah {rPois Str+4 Int+7 Stlth-}
   (You found it on level 17 of a ziggurat)

   [ring of poison resistance]

   It affects your strength (+4).
   It affects your intelligence (+7).
   It protects you from poison.
   It makes you less stealthy.
 O - a +5 ring of slaying (right hand)
 R - the amulet of the Four Winds {rN+ MR+++ Clar}
   (You found it on level 24 of a ziggurat)

   [amulet of nothing]

   It protects you from negative energy.
   It affects your resistance to hostile enchantments.
   It protects you against confusion.
Wands
 L - a wand of clouds (2/9)
 M - a wand of acid (15/15)
Scrolls
 h - 78 scrolls of teleportation
 i - 16 scrolls of identify
 j - 4 scrolls of immolation
 m - 11 scrolls of remove curse
 o - 67 scrolls of fog
 q - 7 scrolls of torment
 u - 38 scrolls of blinking
 v - 4 scrolls of summoning
 V - 27 scrolls of holy word
 Z - 39 scrolls of recharging
Potions
 k - 74 potions of mutation
 l - 9 potions of resistance
 n - 12 potions of haste
 p - 22 potions of heal wounds
 r - 18 potions of curing
 z - 6 potions of cancellation
 B - 10 potions of brilliance
 D - 12 potions of flight
 E - 12 potions of might
 H - 7 potions of berserk rage
 P - 8 potions of invisibility
 U - 14 potions of agility
 X - 7 potions of magic
Miscellaneous
 C - 40 phantom mirrors
Comestibles
 x - 18 meat rations


   Skills:
 O Level 27 Fighting
 O Level 27 Short Blades
   Level 8.2(21.1) Long Blades
 O Level 27 Axes
   Level 26.5(27) Maces & Flails
 - Level 12.4(21.7) Polearms
 - Level 17.8(23.9) Staves
 O Level 27 Crossbows
 O Level 27 Throwing
 O Level 27 Armour
 O Level 27 Dodging
 O Level 27 Stealth
 O Level 27 Unarmed Combat
 O Level 27 Spellcasting
 O Level 27 Conjurations
 + Level 26.9 Hexes
 O Level 27 Charms
 O Level 27 Summonings
 O Level 27 Necromancy
 O Level 27 Translocations
 O Level 27 Transmutations
 O Level 27 Fire Magic
 + Level 26.1 Air Magic
 O Level 27 Earth Magic
 + Level 26.7 Poison Magic
 O Level 27 Invocations
 O Level 27 Evocations


You had 7 spell levels left.
You knew the following spells:

 Your Spells              Type           Power        Failure   Level  Hunger
a - Pain                  Necr           ####         0%          1    None
b - Blink                 Tloc           N/A          0%          2    None
c - Conjure Flame         Conj/Fire      ########     0%          3    None
d - Dispel Undead         Necr           ########     0%          5    None
e - Mephitic Cloud        Conj/Pois/Air  ########     0%          3    None
g - Cigotuvi's Embrace    Necr           ########..   0%          5    None
h - Ignite Poison         Fire/Tmut/Pois ########     0%          3    None
i - Silence               Hex/Air        ########..   0%          5    None
j - Portal Projectile     Hex/Tloc       ######       0%          3    None
l - Song of Slaying       Chrm           ########     0%          2    None
n - Necromutation         Tmut/Necr      ########..   1%          8    #####..
p - Poisonous Vapours     Pois/Air       ######       0%          2    None
r - Deflect Missiles      Chrm/Air       ########..   1%          6    None
s - Swiftness             Chrm/Air       ########     0%          2    None
t - Shroud of Golubria    Chrm/Tloc      ########..   0%          2    None
u - Statue Form           Tmut/Erth      ########.    1%          6    None
v - Vampiric Draining     Necr           ########..   0%          3    None
x - Spectral Weapon       Hex/Chrm       ########     0%          3    None
z - Summon Butterflies    Summ           ########     0%          1    None
D - Death's Door          Chrm/Necr      ########..   1%          8    #####..


Dungeon Overview and Level Annotations

Branches:
Dungeon (15/15)            Temple (1/1) D:4            Lair (6/6) D:9
  Swamp (4/4) Lair:3        Snake (4/4) Lair:2        Slime (5/5) Lair:6
    Orc (2/2) D:10            Elf (3/3) Orc:2        Vaults (5/5) D:13
  Crypt (3/3) Vaults:2       Tomb (3/3) Crypt:3      Depths (5/5) D:15
   Hell (1/1)                 Dis (7/7) Hell            Geh (7/7) Hell
    Coc (7/7) Hell            Tar (7/7) Hell            Zot (5/5) Depths:5

Altars:
Ashenzari
Cheibriados
Dithmenos
Elyvilon
Fedhas
Gozag
Hepliaklqana
Kikubaaqudgha
Makhleb
Nemelex Xobeh
Okawaru
Qazlal
Ru
Sif Muna
Trog
Uskayaw
Vehumet
Xom
Yredelemnul
Zin
The Shining One
Beogh
Jiyva

Shops:
D:4 ?   D:9 ?   Orc:2 ?[%:(((   Elf:2 =}=%   Lair:2 [[**(([[[=[([   Snake:2 [
Vaults:1 [   Vaults:2 :}(   Vaults:5 [   Hell =(((==[([=[   Depths:1 :
Depths:2 [*(   Depths:4 }

Portals:
Hell: Depths:1 Depths:2 Depths:3 Depths:4 Depths:5
Abyss: Depths:1 Depths:3 Depths:4
Pandemonium: Depths:3 Depths:4
Ziggurat: Hell

Annotations:
D:5 Duvessa
D:8 Erica
Swamp:1 exclusion: Roxanne, Roxanne
Elf:2 5 runed doors
Vaults:4 ROCK WALL DIG


Innate Abilities, Weirdness & Mutations

You are resistant to damage.
You can heal yourself by infusing magical energy.
You resist negative energy. (rN+)
You passively map a large area around you.
You do not regenerate.
You have a pair of horns on your head.
Your skin changes colour to match your surroundings (Stealth+).
Your flesh is heat resistant. (rF+)
You are robust. (+10% HP)


Message History

The acid corrodes the emperor scorpion!
Unknown command.
Unknown command.
Unknown command.
Unknown command.
You feel yourself speed up.
The jumping spider is no longer covered in acid.
The jumping spider completely misses you.
The jumping spider barely misses you.
The emperor scorpion is engulfed in acidic fog.
The emperor scorpion is splashed with acid.
The acid corrodes the emperor scorpion!
The jumping spider leaps!
The jumping spider completely misses you.
The jumping spider bites you.
The torpor snail is engulfed in acidic fog.
The torpor snail is splashed with acid.
The acid corrodes the torpor snail!
The torpor snail is engulfed in acidic fog.
The torpor snail is splashed with acid.
The acid corrodes the torpor snail!
The redback completely misses you. The jumping spider pounces on you!
You die...

,y†.sssys.†.....▓
,ss.s†††††y.†....▓
s(ss.s†sy§§s..∩▓
s.s.w†y§ws.....▓
s.ssss†y§§..s..▓
ss.as††.s§§§..s.▓
.†ss††.§w§§.ss.▓ ,


w.swss.§w§§.sss▓ .†.s...§§§§...@▓ a.s▓▓▓▓▓▓▓▓▓▓▓▓▓ , , * , * , , , , You could
see 5 emperor scorpions, 2 ghost moths, 3 torpor snails, a demonic crawler, a
moth of wrath, 2 orb spiders, 2 jumping spiders and a redback (berserk).

Vanquished Creatures
  Antaeus (Coc:7)
  Asmodeus (Geh:7)
  the Royal Jelly (Slime:5)
  Ereshkigal (Tar:7)
  the Serpent of Hell (Coc:7)
  Dispater (Dis:7)
  53 ancient liches
  4 orbs of fire
  A juggernaut (shapeshifter) (Zig:21)
  The ghost of Ymberto the Slayer, a master MiFi of the Shining One (Tomb:3)
  Mara (Elf:3)
  41 juggernauts
  Mennas (Vaults:4)
  155 greater mummies
  Sojobo (Crypt:1)
  27 shard shrikes
  the Lernaean hydra (Swamp:4)
  2 caustic shrikes (shapeshifter)
  Geryon (Hell)
  86 Killer Klowns
  2 curse toes
  49 caustic shrikes
  54 golden dragons
  Jory (Crypt:3)
  42 pearl dragons
  17 profane servitors
  60 Brimstone Fiends
  34 Tzitzimimeh
  82 bone dragons
  56 electric golems
  54 iron giants
  16 doom hounds
  36 Hell Sentinels
  Rupert (Lair:5)
  Jorgrun (Snake:1)
  3 iron giants (shapeshifter)
  76 hellephants
  62 liches
  Asterion (Elf:3)
  66 tentacled monstrosities
  28 Ice Fiends
  6 quicksilver dragons (shapeshifter)
  24 Orb Guardians (Zot:5)
  59 deep elf blademasters
  42 deep elf master archers
  23 quicksilver dragons
  5 acid blobs (shapeshifter)
  132 tentacled starspawn
  6 death cobs
  82 titans
  170 acid blobs
  37 sphinxes
  Agnes (Elf:1)
  35 shadow dragons
  8 eldritch tentacles
  12 sphinxes (shapeshifter)
  Gastronok (D:9)
  61 ancient champions
  21 Executioners
  11 thorn hunters
  The ghost of p0werm0de the Spawn of Chaos, an adept DDFi of Makhleb (Depths:1)
  Frances (D:12)
  6 shadow dragons (shapeshifter)
  44 revenants
  59 storm dragons
  Kirke (Swamp:3)
  6 azure jellies (shapeshifter)
  14 tengu reavers
  61 azure jellies
  171 pandemonium lords
  46 daevas
  65 draconian monks
  142 nagarajas
  35 fire giants
  7 frost giants (shapeshifter)
  The ghost of p0werm0de the Spawn of Chaos, a journeyman DDFi of Makhleb (Snake:4)
  10 fire giants (shapeshifter)
  70 draconian knights
  Donald (Elf:1)
  23 iron dragons
  161 ghost moths
  3 iron dragons (shapeshifter)
  27 frost giants
  2 ghost moths (shapeshifter) (Zig:21)
  6 deep elf sorcerers
  66 draconian shifters
  28 caustic shrike zombies
  16 cacodemons
  26 corrupters
  96 balrugs
  89 orc warlords
  42 vault wardens
  73 draconian scorchers
  33 curse skulls
  81 emperor scorpions
  9 warmongers
  An emperor scorpion (shapeshifter) (Zig:10)
  70 draconian stormcallers
  18 juggernaut zombies
  45 angels
  6 deep elf elementalists
  Aizul (Snake:4)
  An elemental wellspring (Coc:7)
  18 ghouls
  33 ironheart preservers
  54 war gargoyles
  An entropy weaver (shapeshifter) (Zig:15)
  79 draconian annihilators
  144 reapers
  103 very ugly things
  28 ophanim
  35 apis
  102 stone giants
  3 spriggan defenders
  10 juggernaut skeletons
  10 blood saints
  41 vampire knights
  130 entropy weavers
  The ghost of p0werm0de the Spawn of Chaos, a journeyman DDFi of Makhleb (Snake:3)
  12 caustic shrike skeletons
  19 black suns
  47 black draconians
  6 stone giants (shapeshifter)
  44 bennus
  16 lorocyprocas
  44 purple draconians
  46 green draconians
  35 deep elf demonologists
  56 spark wasps
  43 white draconians
  32 dire elephants
  11 dire elephants (shapeshifter)
  49 red draconians
  52 yellow draconians
  Snorg (D:14)
  49 deep elf annihilators
  26 ettins
  A minotaur (Lab)
  34 merfolk javelineers
  9 fire dragons
  37 blizzard demons
  44 green deaths
  38 death oozes
  46 eidola
  3 ettins (shapeshifter)
  7 crystal guardians (Zig:21)
  30 deep elf death magi
  21 merfolk impalers
  44 yaktaur captains
  29 jiangshi
  13 quicksilver dragon zombies
  136 mummy priests
  54 ice dragons
  33 ogre magi
  A minotaur (shapeshifter) (Zig:21)
  36 deep elf high priests
  38 vault guards
  A great orb of eyes (shapeshifter) (Zig:21)
  A spectral golden dragon (Zig:12)
  Fannar (D:10)
  An ice dragon (shapeshifter) (Zig:14)
  60 great orbs of eyes
  15 quicksilver dragon skeletons
  A caustic shrike simulacrum (Zig:8)
  4 kraken zombies
  148 hydras
  Harold (D:10)
  44 naga warriors
  56 spriggan air magi
  15 ghost crabs
  34 rakshasas
  4 alligator snapping turtles (shapeshifter)
  14 death knights
  33 anacondas
  20 centaur warriors
  2 alligator snapping turtles (Zig:26)
  A spectral tengu (Zig:12)
  49 catoblepae
  A juggernaut simulacrum (Zig:27)
  6 merfolk avatars
  A satyr (shapeshifter) (Zig:19)
  An alligator (shapeshifter) (Vaults:1)
  23 alligators
  2 catoblepae (shapeshifter)
  50 merfolk aquamancers
  A two-headed ogre (shapeshifter) (Zig:14)
  A spectral frost giant (Zig:11)
  8 satyrs
  28 titan zombies
  68 two-headed ogres
  3 death yaks
  20 deep troll earth magi
  78 hell hogs
  A death yak (shapeshifter) (Zig:21)
  68 vampire magi
  62 death scarabs
  6 deep troll shamans
  179 thrashing horrors
  45 dancing weapons
  4 tengu warriors
  2 spectral spriggans
  3 spectral elves
  5 spriggan berserkers
  96 orc high priests
  49 soul eaters
  26 storm dragon zombies
  91 shock serpents
  97 hell knights
  A fire crab (Zig:27)
  6 fire crabs (shapeshifter)
  6 iron golems
  3 shock serpents (shapeshifter)
  Sonja (D:10)
  43 sun demons
  126 skeletal warriors
  55 naga sharpshooters
  The ghost of letownia2 the Thaumaturge, a novice DDNe of Gozag (D:9)
  22 titan skeletons
  60 deep elf knights
  40 iron trolls
  16 storm dragon skeletons
  156 wretched stars
  47 spatial maelstroms
  8 iron trolls (shapeshifter)
  31 cherubim
  31 death drakes
  30 sixfirhies
  35 golden dragon zombies
  3 sea snakes (shapeshifter)
  51 shadow wraiths
  38 spriggan druids
  An unseen horror (shapeshifter) (Zig:21)
  9 salamander mystics
  A quicksilver dragon simulacrum (Crypt:1)
  A death drake (shapeshifter) (Zig:22)
  4 swamp dragons (shapeshifter)
  12 anaconda zombies
  An entropy weaver zombie (Crypt:3)
  8 spark wasp zombies
  53 flayed ghosts
  A kraken simulacrum (Hell)
  4 glowing orange brains (shapeshifter)
  2 infernal demonspawn (Zig:2)
  37 shadow demons
  A ghost moth zombie (Coc:2)
  42 deep trolls
  50 swamp dragons
  12 unseen horrors
  58 deep elf archers
  A gelid demonspawn (Zig:22)
  19 tengu zombies
  2 lindwurms
  8 wizards
  36 glowing orange brains
  A torturous demonspawn (Zig:22)
  795 starcursed masses
  22 naga ritualists
  31 sea snakes
  20 golden dragon skeletons
  57 shambling mangroves
  An obsidian statue (Zot:3)
  25 necromancers
  19 iron dragon zombies
  9 anaconda skeletons
  37 ironbrand convokers
  47 phantasmal warriors
  21 shadow dragon zombies
  44 orc knights
  31 salamanders
  An orange crystal statue (Zig:9)
  45 harpies
  10 oklob plants
  20 fauns
  3 lindwurms (shapeshifter)
  A statue (Abyss:5)
  129 orb spiders
  36 mana vipers
  4 mana vipers (shapeshifter)
  8 wolf spider zombies
  2 harpies (shapeshifter)
  2 fauns (shapeshifter)
  38 cyclopes
  62 orc sorcerers
  19 sphinx zombies
  2 cyclopes (shapeshifter)
  3 wolf spiders (shapeshifter)
  2 manticores (shapeshifter)
  2 orb spiders (shapeshifter)
  4 shining eyes (shapeshifter)
  192 deep elf magi
  15 fire giant zombies
  14 tengu skeletons
  104 ugly things
  123 wolf spiders
  42 worldbinders
  16 stone giant zombies
  22 shadow dragon skeletons
  30 manticores
  2 salamanders (shapeshifter)
  39 shining eyes
  4 elephants (shapeshifter)
  10 sphinx skeletons
  17 frost giant zombies
  5 moths of wrath (shapeshifter)
  13 frost giant skeletons
  20 iron dragon skeletons
  102 moths of wrath
  5 guardian serpents (shapeshifter)
  166 black mambas
  18 spriggan zombies
  A toenail golem (Abyss:1)
  A black mamba (shapeshifter) (Zig:22)
  20 merfolk sirens
  82 rust devils
  11 stone giant skeletons
  35 orange demons
  16 fire giant skeletons
  9 dire elephant zombies
  12 elephants
  5 centaur zombies
  83 apocalypse crabs
  47 guardian serpents
  65 naga magi
  3 ice statues
  7 molten gargoyles
  2 water nymphs (shapeshifter)
  Maurice (D:9)
  3 spiny frogs (shapeshifter)
  101 torpor snails
  46 vault sentinels
  18 gargoyles
  100 spiny frogs
  5 eyes of devastation (shapeshifter)
  107 smoke demons
  68 water nymphs
  3 shock serpent skeletons
  4 titan simulacra
  16 eyes of devastation
  5 spectral swamp worms (Depths:3)
  2 storm dragon simulacra
  4 dire elephant skeletons
  59 elf zombies
  8 human zombies
  2 emperor scorpion zombies
  106 tormentors
  3 komodo dragons (shapeshifter)
  A catoblepas zombie (Geh:5)
  A sea snake zombie (Crypt:2)
  103 hellions
  5 yaktaurs (shapeshifter)
  An anaconda simulacrum (Coc:2)
  27 efreet
  75 ice devils
  40 komodo dragons
  94 freezing wraiths
  A rime drake (shapeshifter) (Abyss:5)
  A yaktaur zombie (Zig:3)
  8 rime drakes
  121 ancient zymes
  A catoblepas skeleton (Tar:3)
  3 harpy zombies
  3 kobold demonologists
  A golden dragon simulacrum (Abyss:1)
  33 hellwings
  94 yaktaurs
  84 demonic crawlers
  2 yaktaur skeletons
  13 human skeletons
  6 silent spectres
  28 tyrant leeches
  A queen ant zombie (Crypt:1)
  66 red devils
  A black draconian skeleton (Crypt:1)
  105 jumping spiders
  255 guardian mummies
  5 queen bees (shapeshifter)
  36 trolls
  2 merfolk (shapeshifter)
  4 tengu conjurers
  A minotaur zombie (Abyss:1)
  A purple draconian skeleton (Crypt:2)
  115 merfolk
  4 meliai (shapeshifter)
  29 hydra zombies
  4 jumping spiders (shapeshifter)
  5 meliai
  12 hydra skeletons
  2 polar bears (shapeshifter)
  9 polar bears
  A tengu simulacrum (Zig:20)
  7 wind drakes
  3 hornets (shapeshifter)
  4 wind drakes (shapeshifter)
  A sphinx simulacrum (Zig:11)
  4 dream sheep (shapeshifter)
  8 ettin zombies
  165 hornets
  12 dream sheep
  262 raiju
  35 bog bodies
  5 harpy skeletons
  9 ice dragon zombies
  2 shadow dragon simulacra
  A blink frog (shapeshifter) (Depths:3)
  67 blink frogs
  A fire giant simulacrum (Zig:10)
  A snapping turtle (shapeshifter) (Zig:10)
  37 hippogriffs
  292 slime creatures
  29 snapping turtles
  4 stone giant simulacra
  4 raiju (shapeshifter)
  2 hippogriffs (shapeshifter)
  3 fire dragon zombies
  2 slime creatures (shapeshifter)
  8 alligator zombies
  A frost giant simulacrum (Abyss:3)
  121 redbacks
  8 alligator skeletons
  54 shadows
  Sigmund (D:6)
  61 air elementals
  7 ice dragon skeletons
  9 redbacks (shapeshifter)
  A deep troll skeleton (Depths:1)
  110 ushabtiu
  A dire elephant simulacrum (Coc:7)
  99 tarantellas
  9 wyverns
  331 flying skulls
  21 spriggan skeletons
  2 yaks (shapeshifter) (Zig:15)
  21 vampires
  5 fire dragon skeletons
  3 spriggans (shapeshifter)
  22 spriggans
  3 tarantellas (shapeshifter)
  A satyr skeleton (Crypt:2)
  A wyvern (shapeshifter) (Zig:22)
  A human (shapeshifter) (Abyss:2)
  91 wraiths
  2 black mamba zombies
  8 ettin skeletons
  31 fire bats
  88 yaks
  11 hungry ghosts
  88 ynoxinuls
  A black mamba skeleton (Geh:7)
  50 fire elementals
  A golden eye (shapeshifter) (Zig:15)
  4 hogs (shapeshifter)
  A human (Swamp:4)
  83 water elementals
  43 golden eyes
  3 steam dragons
  17 basilisks
  95 chaos spawn
  A fire bat (shapeshifter) (Zig:16)
  55 vampire mosquitoes
  3 hogs (Swamp:4)
  A monstrous demonspawn zombie (Geh:7)
  Edmund (D:6)
  72 neqoxecs
  A water nymph zombie (Crypt:1)
  36 wargs
  2 swamp worms (shapeshifter)
  70 insubstantial wisps
  86 nagas
  46 spatial vortices
  3 acid dragons
  63 water moccasins
  25 swamp worms
  A harpy simulacrum (Abyss:5)
  112 hell hounds
  251 small abominations
  5 floating eyes (shapeshifter)
  2 merfolk skeletons
  10 porcupines
  190 orc warriors
  10 spiny frog zombies
  3 ice beasts (shapeshifter)
  7 floating eyes
  A water moccasin (shapeshifter) (Abyss:5)
  5 spiny frog skeletons
  34 swamp drakes
  A black bear (shapeshifter) (Zig:22)
  An ettin simulacrum (Tomb:3)
  27 ice beasts
  3 eyes of draining (shapeshifter)
  2 fire dragon simulacra
  An ice dragon simulacrum (Coc:7)
  363 large abominations
  4 manticore zombies
  10 sky beasts
  7 snapping turtle zombies
  31 necrophages
  2 ogres (shapeshifter)
  5 swamp dragon zombies
  2 black bears
  A hornet zombie (D:15)
  13 phantoms
  56 eyes of draining
  38 elf skeletons
  122 ogres
  24 wolves
  14 boggarts
  9 snapping turtle skeletons
  51 centaurs
  2 elf simulacra
  A tengu (shapeshifter) (Zig:15)
  51 crocodiles
  A torpor snail zombie (Crypt:3)
  A big kobold (shapeshifter) (Zig:21)
  12 big kobolds
  A wyvern zombie (Crypt:3)
  2 human simulacra
  44 bullfrogs
  3 spiny frog simulacra
  A gnoll sergeant (D:7)
  33 earth elementals
  A komodo dragon skeleton (Crypt:3)
  A salamander skeleton (Crypt:1)
  A glowing shapeshifter simulacrum (Depths:1)
  2 scorpions
  2 wyvern skeletons
  Dowan (D:5)
  A scorpion (shapeshifter) (Vaults:1)
  A troll zombie (Dis:7)
  A manticore simulacrum (Crypt:1)
  91 wights
  22 killer bees
  A snapping turtle simulacrum (Abyss:2)
  A raiju skeleton (Crypt:2)
  6 electric eels
  2 howler monkeys
  A wolf zombie (Crypt:3)
  30 crimson imps
  30 quasits
  3 bullfrog zombies
  12 hounds
  54 orc priests
  8 jellies
  10 centaur skeletons
  2 bullfrog skeletons
  76 iron imps
  53 orc wizards
  7 iguanas
  7 hell rats (Hell)
  4 lightning spires
  22 worker ants
  6 ogre zombies (D:10)
  2 ogre skeletons (Geh:5)
  447 mummies
  A howler monkey zombie (D:5)
  A worker ant zombie (D:6)
  11 gnolls
  11 adders
  2 river rats (D:11)
  18 shadow imps
  59 white imps
  20 ufetubi
  An adder skeleton (D:9)
  6 worms
  4 dart slugs
  6 leopard geckos
  98 orcs
  2 bats
  4 giant cockroaches
  5 goblins
  3 hobgoblins
  8 jackals
  28 kobolds
  7 quokkas
  4 ball pythons
  2 frilled lizards (D:2)
  A goblin skeleton (D:10)
  A goblin zombie (D:10)
  4 hobgoblin zombies (D:10)
  3 kobold skeletons
  2 orc skeletons
  14 orc zombies
  A quokka skeleton (D:4)
  5 rats
  5 briar patches (Zig:22)
  3 bushes
  49 crawling corpses
  2 fire vortices
  A fungus (Lair:5)
  7 lurking horrors
  6 plants (Zig:6)
  165 starspawn tentacles
  12 tentacles
19238 creatures vanquished.

Vanquished Creatures (collateral kills)
  A very ugly thing (Depths:3)
  A hydra (Zig:25)
  2 hell knights (Depths:3)
  An orc knight (Orc:2)
  2 ugly things (Vaults:1)
  An orc sorcerer (Orc:2)
  2 orcs (Orc:2)
10 creatures vanquished.

Vanquished Creatures (others)
  An ancient lich (Zig:16)
  A greater mummy (Zig:25)
  3 Killer Klowns
  A golden dragon (Zig:10)
  A lich (Zig:20)
  An iron giant (Zig:18)
  2 tentacled monstrosities
  A titan (Zig:17)
  A quicksilver dragon (Zig:24)
  An Executioner (Zig:11)
  4 deep elf master archers
  A tentacled starspawn (Zig:19)
  A quicksilver dragon (shapeshifter) (Zig:10)
  6 eldritch tentacles
  2 revenants
  A nagaraja (Zig:25)
  3 draconian monks
  11 draconian knights
  A draconian scorcher (Zig:20)
  An iron dragon (Zig:21)
  A warmonger (Zig:22)
  An orc warlord (Zig:21)
  A balrug (Zig:21)
  2 corrupters (Zig:22)
  A cacodemon (Zig:22)
  4 reapers
  A draconian shifter (Zig:20)
  2 war gargoyles
  An elemental wellspring (Coc:7)
  2 blood saints (Zig:22)
  A white draconian (Zig:18)
  A black sun (Zig:22)
  A black draconian (Zig:18)
  3 purple draconians
  2 yellow draconians
  3 green deaths
  A red draconian (Zig:24)
  7 merfolk javelineers
  6 deep elf death magi
  2 blizzard demons (Zig:22)
  2 deep elf high priests
  4 hydras
  A centaur warrior (Zig:15)
  16 dancing weapons
  3 satyrs
  28 death scarabs (Tomb:2)
  A vampire mage (Zig:6)
  2 naga sharpshooters
  2 soul eaters
  3 deep elf knights
  A shock serpent (Zig:3)
  A wretched star (Zig:19)
  A shadow wraith (Zig:15)
  An unseen horror (Abyss:4)
  A skeletal warrior (Tomb:3)
  3 death drakes
  6 swamp dragons
  5 spriggan druids
  A cherub (Zig:15)
  A wizard (Vaults:2)
  A flayed ghost (Zig:23)
  A shadow demon (Zig:7)
  A phantasmal warrior (Zig:24)
  7 deep elf magi
  2 harpies
  3 orb spiders
  An orc knight (Zig:20)
  3 slime creatures
  2 ugly things
  A sphinx skeleton (Zig:23)
  A cyclops (Zig:15)
  A worldbinder (Abyss:1)
  2 merfolk sirens
  A black mamba (Zig:24)
  A guardian serpent (Zig:23)
  2 apocalypse crabs
  A smoke demon (Abyss:2)
  3 spiny frogs
  3 gargoyles (Zig:21)
  2 water nymphs
  2 yaktaurs (Zig:15)
  A rime drake (Zig:27)
  A guardian mummy (Tomb:2)
  2 jumping spiders
  2 merfolk (Zig:26)
  A polar bear (Zig:25)
  2 blink frogs
  11 hornets
  4 raiju
  2 snapping turtles (Zig:26)
  4 air elementals
  2 shadows
  2 flying skulls
  4 spriggans
  A hog (shapeshifter) (Zig:22)
  3 water elementals
  A wraith (Zig:7)
  A ynoxinul (Abyss:2)
  4 golden eyes
  2 large abominations
  A hog (Swamp:4)
  2 chaos spawn
  3 fire elementals
  2 vampire mosquitoes (Zig:23)
  A neqoxec (Zig:22)
  A basilisk (Zig:25)
  A naga (Abyss:4)
  A spatial vortex (Zig:22)
  A warg (Zig:9)
  An insubstantial wisp (Zig:13)
  2 water moccasins
  2 ice beasts (D:11)
  An orc warrior (Zig:20)
  5 swamp drakes
  An eye of draining (Abyss:1)
  A boggart (Depths:3)
  6 centaurs
  6 crocodiles
  A manticore skeleton (Coc:1)
  2 earth elementals
  8 small abominations
  4 wights
  A crimson imp (D:12)
  7 starcursed masses
  A quasit (Abyss:2)
  2 orc priests
  2 iron imps
  5 mummies
  An ufetubus (Abyss:1)
  An orc (Orc:2)
  An orc zombie (Geh:1)
  13 briar patches
  2 bushes
  7 crawling corpses
  A demonic plant (Abyss:1)
  8 fungi
  20 lurking horrors
  45 plants
  3 spectral weapons
  227 starspawn tentacles
  11 tentacles
  A withered plant (Tar:1)
673 creatures vanquished.

Grand Total: 19921 creatures vanquished

Notes
Turn   | Place    | Note
-------+----------+-------------------------------------------
     0 | D:1      | letownia2 the Deep Dwarf Necromancer began the quest for the Orb.
     0 | D:1      | Reached XP level 1. HP: 15/15 MP: 3/3
   235 | D:3      | Reached XP level 2. HP: 13/22 MP: 1/5
   306 | D:3      | Reached skill level 5 in Necromancy
   369 | D:2      | Reached XP level 3. HP: 10/28 MP: 1/6
   431 | D:2      | Learned a level 3 spell: Vampiric Draining
   503 | D:4      | Found Ytzisanyl's Magic Scroll Emporium.
   774 | D:4      | Found a staircase to the Ecumenical Temple.
   782 | Temple   | Entered the Ecumenical Temple
   809 | D:4      | Reached XP level 4. HP: 23/36 MP: 3/7
   829 | Temple   | Became a worshipper of Gozag Ym Sagoz the Greedy
   889 | D:4      | Found a shimmering altar of Xom.
   960 | D:4      | Found a blossoming altar of Fedhas.
   963 | D:4      | Found a sparkling altar of Nemelex Xobeh.
  1008 | D:4      | Noticed a phantom
  1672 | D:4      | Reached XP level 5. HP: 21/42 MP: 5/9
  1713 | D:4      | Got a brightly glowing robe
  2228 | D:2      | Reached skill level 1 in Fighting
  2793 | D:4      | Reached XP level 6. HP: 33/51 MP: 2/10
  3036 | D:5      | Entered Level 5 of the Dungeon
  3163 | D:5      | Got a transparent wooden ring
  3165 | D:5      | Identified the ring of Hard Scrabble {rF+ Int-2 Dex+9 Slay+3} (You found it on level 5 of the Dungeon)
  3660 | D:5      | Noticed a sky beast
  3665 | D:5      | Killed a sky beast
  3665 | D:5      | Reached XP level 7. HP: 25/58 MP: 3/14
  3711 | D:5      | Noticed Duvessa
  4042 | D:6      | Noticed Sigmund
  4074 | D:6      | Found an iron altar of Okawaru.
  4113 | D:6      | Killed Sigmund
  4173 | D:6      | Got a ring of the Octopus King
  4190 | D:6      | Identified a ring of the Octopus King {rCorr AC+1 EV+1 Str+1 Int+1 Dex+1} (You found it on level 6 of the Dungeon)
  4416 | D:6      | Reached XP level 8. HP: 40/67 MP: 15/15
  4448 | D:6      | Noticed Edmund
  4464 | D:6      | Killed Edmund
  4464 | D:6      | Reached skill level 5 in Spellcasting
  4853 | D:5      | Noticed Dowan
  4858 | D:5      | Killed Dowan
  5538 | D:7      | Gained mutation: You passively map the area around you. [Deep Dwarf growth]
  5538 | D:7      | Reached XP level 9. HP: 52/76 MP: 0/19
  6173 | D:7      | Identified the cursed +1 robe "Buwup" {Str+4 Dex-3} (You found it on level 4 of the Dungeon)
  6245 | D:8      | Noticed Erica
  6251 | D:8      | Reached skill level 1 in Evocations
  6602 | D:8      | Reached skill level 10 in Necromancy
  6602 | D:8      | Reached skill level 5 in Evocations
  6860 | D:8      | Reached XP level 10. HP: 74/84 MP: 9/22
  6894 | D:9      | Found Pokloxed's Magic Scroll Emporium.
  6898 | D:9      | Noticed a two-headed ogre
  6904 | D:9      | Killed a two-headed ogre
  6904 | D:9      | Reached skill level 5 in Dodging
  7156 | D:9      | Noticed letownia2's ghost (novice DDNe)
  7248 | D:9      | Noticed Gastronok
  7377 | D:9      | Noticed Maurice
  7439 | D:10     | Entered Level 10 of the Dungeon
  7525 | D:10     | Noticed Sonja
  7534 | D:10     | Killed Sonja
  7534 | D:10     | Reached skill level 1 in Armour
  7750 | D:10     | Found a staircase to the Orcish Mines.
  8035 | D:9      | Found a staircase to the Lair.
  8095 | D:9      | Noticed a two-headed ogre
  8098 | D:9      | Killed a two-headed ogre
  8098 | D:9      | Reached XP level 11. HP: 87/93 MP: 23/23
  8107 | D:9      | Killed Gastronok
  8160 | D:9      | Killed Maurice
  8250 | D:9      | Reached skill level 5 in Fighting
  8425 | D:10     | Noticed Harold
  8438 | D:10     | Killed Harold
  8539 | D:10     | Reached skill level 5 in Armour
  8716 | D:10     | Noticed a two-headed ogre
  8724 | D:10     | Killed a two-headed ogre
  8828 | D:10     | Noticed Fannar
  8847 | D:10     | Killed Fannar
  9099 | Lair:1   | Entered Level 1 of the Lair of Beasts
  9583 | Orc:1    | Entered Level 1 of the Orcish Mines
  9788 | Orc:2    | Entered Level 2 of the Orcish Mines
  9788 | Orc:2    | Noticed an orc knight
  9788 | Orc:2    | Noticed an orc sorcerer
  9798 | Orc:2    | Killed an orc knight
  9798 | Orc:2    | Reached XP level 12. HP: 97/105 MP: 15/24
  9809 | Orc:2    | Found Cytita Ampi's Magic Scroll Shop.
  9832 | Orc:2    | Found a roughly hewn altar of Beogh.
  9881 | Orc:2    | Found a dark tunnel.
  9889 | Volcano  | Entered a volcano
  9994 | Volcano  | Found a radiant altar of Vehumet.
 10447 | Orc:2    | Bought a scroll of teleportation for 42 gold pieces
 10466 | Orc:2    | Found a staircase to the Elven Halls.
 10713 | Orc:2    | Found Elyturph's Antique Weapon Emporium.
 10856 | Orc:2    | Paralysed by an orc sorcerer for 6 turns
 11476 | Orc:2    | Found Maucul's Antique Weapon Shoppe.
 11576 | Orc:2    | Found a roughly hewn altar of Beogh.
 11700 | Orc:2    | Reached skill level 1 in Axes
 11739 | Orc:2    | Noticed a stone giant
 11741 | Orc:2    | Noticed an orc high priest
 12361 | Lair:4   | Noticed a five-headed hydra
 12630 | Lair:4   | Found a labyrinth entrance.
 12640 | Lair:4   | Reached skill level 15 in Necromancy
 12642 | Lab      | Entered a labyrinth
 13043 | Lab      | Noticed a minotaur
 13061 | Lab      | Killed a minotaur
 13061 | Lab      | Reached XP level 13. HP: 43/112 MP: 15/25
 13088 | Lab      | Identified the Papyrus of Dark Stones
 13097 | Lab      | Learned a level 5 spell: Dispel Undead
 13435 | Lair:4   | Reached skill level 5 in Axes
 14182 | D:11     | Learned a level 1 spell: Summon Butterflies
 14377 | Lair:2   | Bought the -2 hat of the Alchemist {rElec rPois rF+ rC+ rN+ MR+ rMut rCorr} for 1604 gold pieces
 15432 | D:12     | Noticed Frances
 15442 | D:12     | Killed Frances
 16489 | Orc:2    | Found Qeulaf's Armour Boutique.
 16489 | Orc:2    | Found Zuzerr's Food Boutique.
 16827 | Lair:5   | Reached skill level 10 in Armour
 16858 | Lair:6   | Entered Level 6 of the Lair of Beasts
 16935 | Lair:6   | Gained mutation: You resist negative energy. (rN+) [Deep Dwarf growth]
 16935 | Lair:6   | Reached XP level 14. HP: 95/127 MP: 22/26
 17334 | Orc:2    | Killed a stone giant
 17383 | Orc:2    | Found Raeggid's Antique Weapon Shop.
 17386 | Orc:2    | Found Geehiz's Book Shop.
 18454 | D:13     | Reached skill level 10 in Axes
 18536 | D:13     | Found a gate to the Vaults.
 20731 | D:14     | Noticed Snorg
 20781 | D:14     | Killed Snorg
 20819 | D:14     | Found a glowing golden altar of the Shining One.
 21019 | D:14     | Found a shattered altar of Ashenzari.
 21039 | D:14     | Reached XP level 15. HP: 123/135 MP: 25/27
 21040 | D:14     | Found a shimmering altar of Xom.
 21040 | D:14     | Found a sacrificial altar of Ru.
 21043 | D:14     | Found a hazy altar of Hepliaklqana.
 21043 | D:14     | Found an opulent altar of Gozag.
 21043 | D:14     | Found a shadowy altar of Dithmenos.
 21397 | D:15     | Entered Level 15 of the Dungeon
 21585 | D:15     | Found a staircase to the Depths.
 21585 | D:15     | Noticed a fire giant
 21808 | D:15     | Found an iron altar of Okawaru.
 22202 | D:15     | Found a shadowy altar of Dithmenos.
 22448 | D:15     | Killed a fire giant
 22545 | D:15     | Reached skill level 15 in Axes
 23123 | Lair:2   | Found a staircase to the Snake Pit.
 23139 | Snake:1  | Entered Level 1 of the Snake Pit
 25048 | Snake:2  | Noticed Jorgrun
 25074 | Snake:1  | Killed Jorgrun
 25222 | Snake:2  | Reached XP level 16. HP: 122/144 MP: 3/28
 25696 | Snake:2  | Found Dyfanulo's Armour Emporium.
 25845 | Snake:2  | Got a spiked ring mail
 25856 | Snake:2  | Identified the +1 ring mail of Feledd {Str+4 Dex+8 Stlth-} (You found it on level 2 of the Snake Pit)
 26110 | Snake:3  | Found an opulent altar of Gozag.
 26139 | Snake:3  | Got a heavily runed leather armour
 26150 | Snake:3  | Identified the +2 leather armour of Hass {rC- Regen+ MP+9 Int+4} (You found it on level 3 of the Snake Pit)
 26201 | Snake:3  | Reached skill level 10 in Dodging
 26711 | Snake:4  | Entered Level 4 of the Snake Pit
 26740 | Snake:3  | Reached skill level 10 in Fighting
 27152 | Snake:4  | Found a basalt altar of Yredelemnul.
 27698 | Snake:4  | Noticed Aizul
 27721 | Snake:4  | Killed Aizul
 27929 | Snake:4  | Got a polished chain mail
 27977 | Snake:4  | Identified the +2 chain mail "Soiw" {rCorr} (You found it on level 4 of the Snake Pit)
 28463 | Lair:1   | Identified a scroll of acquirement
 28795 | Elf:1    | Entered Level 1 of the Elven Halls
 29340 | Elf:1    | Found a portal to a secret trove of treasure.
 29382 | Elf:1    | Noticed Donald
 29393 | Elf:1    | Killed Donald
 29503 | Elf:1    | Noticed Agnes
 29516 | Elf:1    | HP: 5/147 [Agnes/lajatang of venom (23)]
 29517 | Elf:1    | HP: 2/147 [poisoned by Agnes]
 29526 | Elf:1    | Killed Agnes
 30885 | Lair:6   | Found a shimmering altar of Xom.
 31032 | Lair:6   | Found a viscous altar of Jiyva.
 31032 | Lair:6   | Found a staircase to the Slime Pits.
 31128 | Lair:6   | Got a scorched hand axe
 31129 | Lair:6   | Identified the +4 hand axe of the Big Bang {flame, rF- rC+ rN++ MP+9} (You found it on level 6 of the Lair of Beasts)
 31853 | Lair:2   | Reached XP level 17. HP: 66/156 MP: 20/30
 31977 | Snake:3  | Noticed p0werm0de's ghost (journeyman DDFi)
 32331 | Snake:4  | Noticed p0werm0de's ghost (journeyman DDFi)
 33469 | Lair:6   | Reached skill level 10 in Spellcasting
 34045 | Snake:4  | Killed p0werm0de's ghost
 34612 | Snake:4  | Got a serpentine rune of Zot
 35176 | Elf:1    | Identified the Guide on the Escort
 36152 | Elf:2    | Found Boxkal's Food Shop.
 36690 | Vaults:1 | Entered Level 1 of the Vaults
 36855 | Vaults:1 | Gained mutation: You passively map a large area around you. [Deep Dwarf growth]
 36855 | Vaults:1 | Reached XP level 18. HP: 149/168 MP: 27/32
 37082 | Vaults:1 | Got a warped dagger
 37083 | Vaults:1 | Identified the cursed +1 dagger "Avyb" {pain, rPois rF- MR+ Int+2} (You found it on level 1 of the Vaults)
 37216 | Vaults:1 | HP: 5/168 [mirror damage (7)]
 38973 | Lair:4   | Learned a level 3 spell: Ignite Poison
 40100 | Lair:5   | Noticed Rupert
 40134 | Lair:5   | Killed Rupert
 40614 | Lair:3   | Found a staircase to the Swamp.
 40771 | Slime:1  | Entered Level 1 of the Pits of Slime
 40805 | Lair:6   | Reached skill level 1 in Crossbows
 41086 | Slime:1  | Gained mutation: You are frail. (-10% HP) [a shining eye]
 41226 | Slime:2  | Lost mutation: You are frail. (-10% HP) [potion of mutation]
 41226 | Slime:2  | Gained mutation: You are occasionally teleported next to monsters. [potion of mutation]
 41226 | Slime:2  | Gained mutation: You occasionally shout uncontrollably at your foes. [potion of mutation]
 41226 | Slime:2  | Gained mutation: Your flesh is cold resistant. (rC+) [potion of mutation]
 41227 | Slime:2  | Lost mutation: You occasionally shout uncontrollably at your foes. [potion of mutation]
 41227 | Slime:2  | Lost mutation: You are occasionally teleported next to monsters. [potion of mutation]
 41227 | Slime:2  | Lost mutation: Your flesh is cold resistant. (rC+) [potion of mutation]
 41227 | Slime:2  | Gained mutation: Your flesh is cold resistant. (rC+) [potion of mutation]
 41227 | Slime:2  | Gained mutation: Scrolls take you a little longer to read. [potion of mutation]
 41227 | Slime:2  | Gained mutation: You are frail. (-10% HP) [potion of mutation]
 41227 | Slime:2  | Gained mutation: You have a pair of small horns on your head. [potion of mutation]
 41228 | Slime:2  | Lost mutation: You are frail. (-10% HP) [potion of mutation]
 41228 | Slime:2  | Lost mutation: You have a pair of small horns on your head. [potion of mutation]
 41228 | Slime:2  | Lost mutation: Scrolls take you a little longer to read. [potion of mutation]
 41228 | Slime:2  | Lost mutation: Your flesh is cold resistant. (rC+) [potion of mutation]
 41228 | Slime:2  | Gained mutation: Scrolls take you a little longer to read. [potion of mutation]
 41228 | Slime:2  | Gained mutation: You have sharp toenails. [potion of mutation]
 41228 | Slime:2  | Gained mutation: You are surrounded by a mild repulsion field. (EV +2) [potion of mutation]
 41228 | Slime:2  | Gained mutation: You are agile. (Dex +2) [potion of mutation]
 41229 | Slime:2  | Lost mutation: Scrolls take you a little longer to read. [potion of mutation]
 41229 | Slime:2  | Lost mutation: You are agile. (Dex +2) [potion of mutation]
 41229 | Slime:2  | Lost mutation: You are surrounded by a mild repulsion field. (EV +2) [potion of mutation]
 41229 | Slime:2  | Gained mutation: You are frail. (-10% HP) [potion of mutation]
 41229 | Slime:2  | Gained mutation: You are resistant to electric shocks. (rElec) [potion of mutation]
 41230 | Slime:2  | Lost mutation: You are frail. (-10% HP) [potion of mutation]
 41230 | Slime:2  | Lost mutation: You have sharp toenails. [potion of mutation]
 41230 | Slime:2  | Lost mutation: You are resistant to electric shocks. (rElec) [potion of mutation]
 41230 | Slime:2  | Gained mutation: Your mind is acute. (Int +2) [potion of mutation]
 41230 | Slime:2  | Gained mutation: You are partially covered in icy blue scales. (AC +2) [potion of mutation]
 41230 | Slime:2  | Gained mutation: You have sharp toenails. [potion of mutation]
 41230 | Slime:2  | Gained mutation: Your mind is very acute. (Int +4) [potion of mutation]
 41646 | Elf:2    | Found a huge runed gate.
 41646 | Elf:2    | Found a huge runed gate.
 41646 | Elf:2    | Found a huge runed gate.
 41646 | Elf:2    | Found a huge runed gate.
 41652 | Elf:2    | Found a huge runed gate.
 41720 | Elf:2    | Got a translucent quarterstaff
 41721 | Elf:2    | Identified the +10 quarterstaff of Integrity {flame, Int+2} (You found it on level 2 of the Elven Halls)
 41861 | Elf:2    | Found Xaetih's Jewellery Boutique.
 41861 | Elf:2    | Found Ynoeten's Gadget Shoppe.
 41902 | Elf:2    | Found Lumaolesm's Jewellery Boutique.
 43407 | Swamp:1  | Entered Level 1 of the Swamp
 43436 | Lair:3   | Reached skill level 15 in Armour
 43523 | Swamp:1  | Reached XP level 19. HP: 131/177 MP: 34/34
 43632 | Swamp:1  | Noticed Roxanne
 44989 | Snake:1  | Reached skill level 5 in Crossbows
 45057 | Snake:2  | Bought the +9 scales of the Dragon King {rPois rF+ rC+ MR+} for 1747 gold pieces
 45362 | Elf:1    | You paid a toll of +9 gold dragon scales to enter a treasure trove
 45363 | Trove    | Entered a treasure trove
 45371 | Trove    | Got a scorched executioner's axe
 45377 | Trove    | Got a steaming amber ring
 45380 | Trove    | Got a heavily runed iron ring
 45401 | Trove    | Got a pair of spiked boots
 45411 | Trove    | Identified the +0 executioner's axe of Desertification {speed, Str+4 SInv} (You found it in a treasure trove)
 45430 | Elf:1    | Identified the +1 pair of boots of Iwach {rC+++ MR- Regen+ Int-4} (You found it in a treasure trove)
 45663 | Lair:2   | Identified the ring of Rihil {rElec Int+5} (You found it in a treasure trove)
 45665 | Lair:2   | Identified the ring "Tocweyge" {*Drain *Slow MP+9 Str+4 Dex+10} (You found it in a treasure trove)
 46003 | Vaults:2 | Found Koosig's Gadget Shop.
 46534 | Vaults:2 | Found Feul's Book Boutique.
 46556 | Vaults:2 | Found Esuan's Antique Weapon Boutique.
 46901 | Vaults:2 | Bought a manual of Axes for 1766 gold pieces
 47168 | Vaults:2 | Found a staircase to the Crypt.
 47951 | Lair:3   | Got an ichor-stained helmet
 47962 | Lair:3   | Identified the +0 helmet of Past Mistakes {Int+7} (You found it on level 3 of the Lair of Beasts)
 48664 | Slime:2  | Reached XP level 20. HP: 186/187 MP: 35/35
 49321 | Elf:3    | Entered Level 3 of the Elven Halls
 49561 | Elf:3    | Noticed Asterion
 49572 | Elf:3    | Noticed Mara
 49582 | Elf:3    | Killed Asterion
 50101 | Elf:3    | Noticed letownia2's illusion
 50461 | Elf:3    | Noticed letownia2's illusion
 50931 | D:11     | Learned a level 2 spell: Swiftness
 51553 | Elf:3    | Noticed letownia2's illusion
 51770 | Elf:3    | Noticed letownia2's illusion
 52326 | Swamp:4  | Entered Level 4 of the Swamp
 52328 | Swamp:4  | Noticed Kirke
 52373 | Swamp:3  | Killed Kirke
 52540 | Swamp:4  | Learned a level 3 spell: Conjure Flame
 52544 | Swamp:4  | Learned a level 3 spell: Mephitic Cloud
 52547 | Swamp:4  | Learned a level 2 spell: Poisonous Vapours
 52953 | Swamp:4  | Reached skill level 1 in Summonings
 52962 | Swamp:4  | Reached skill level 1 in Charms
 52962 | Swamp:4  | Reached XP level 21. HP: 194/194 MP: 36/36
 52967 | Swamp:4  | Noticed the 27-headed Lernaean hydra
 52994 | Swamp:4  | Killed the 26-headed Lernaean hydra
 52994 | Swamp:4  | Reached skill level 1 in Transmutations
 52994 | Swamp:4  | Reached skill level 1 in Fire Magic
 52994 | Swamp:4  | Reached skill level 1 in Air Magic
 52994 | Swamp:4  | Reached skill level 1 in Poison Magic
 53002 | Swamp:4  | Reached skill level 1 in Conjurations
 53155 | Swamp:4  | Got a decaying rune of Zot
 53661 | Elf:3    | Noticed letownia2's illusion
 53738 | Elf:3    | Killed Mara
 54096 | Swamp:2  | Paralysed by a hornet for 3 turns
 55420 | Vaults:3 | Found a radiant altar of Vehumet.
 56495 | Elf:3    | Identified the Volume of Transmutation and Fire
 56507 | Elf:3    | Identified the Handbook of Unholy Secrets and Lightness
 56615 | Elf:3    | Identified the Guide on Assistive Dislocation
 56626 | Elf:3    | Learned a level 3 spell: Inner Flame
 56656 | Elf:3    | Learned a level 3 spell: Portal Projectile
 56670 | Elf:3    | Learned a level 5 spell: Cigotuvi's Embrace
 56675 | Elf:3    | Learned a level 2 spell: Blink
 56870 | Elf:3    | Got a spiked troll leather armour
 56881 | Elf:3    | Identified the +1 troll leather armour "Aditymavu" {MR+ Regen+} (You took it off a deep elf death mage on level 3 of the Elven Halls)
 57470 | Slime:5  | Entered Level 5 of the Pits of Slime
 58107 | Slime:5  | Reached skill level 5 in Air Magic
 58129 | Slime:5  | Noticed the Royal Jelly
 58225 | Slime:5  | Found a viscous altar of Jiyva.
 58360 | Slime:5  | Killed the Royal Jelly
 58360 | Slime:5  | Reached XP level 22. HP: 117/201 MP: 28/38
 58375 | Slime:5  | Got a faintly glowing silver ring
 58513 | Slime:5  | Identified the ring of Viameydu {Str+2 Int+3 Dex+3} (You found it on level 5 of the Pits of Slime)
 58525 | Slime:5  | Got a heavily runed turquoise ring
 58527 | Slime:5  | Identified the ring "Fupeugh" {rElec rC+ Str+3 Int+2} (You found it on level 5 of the Pits of Slime)
 58532 | Slime:5  | Got a serpentine bronze ring
 58534 | Slime:5  | Identified the ring of Feuxtivo {rC+ rN+ Stlth+} (You found it on level 5 of the Pits of Slime)
 58696 | Slime:5  | Got a slimy rune of Zot
 58851 | Slime:5  | Got a twisted scale mail
 58862 | Slime:5  | Identified the cursed +0 scale mail of the Fifty Shrikes {Dex+7} (You found it on level 5 of the Pits of Slime)
 59688 | Crypt:1  | Entered Level 1 of the Crypt
 60348 | Crypt:1  | Noticed Sojobo
 60375 | Crypt:1  | Killed Sojobo
 62579 | Crypt:2  | Reached skill level 15 in Spellcasting
 62873 | Vaults:3 | Reached XP level 23. HP: 115/209 MP: 42/42
 63338 | Depths:1 | Entered Level 1 of the Depths
 63338 | Depths:1 | Noticed p0werm0de's ghost (adept DDFi)
 63379 | Depths:1 | Killed p0werm0de's ghost
 63707 | Depths:1 | Found Nogaps's Book Shoppe.
 64009 | Depths:1 | Found a one-way gate to the infinite horrors of the Abyss.
 64176 | Depths:1 | Found a gateway to Hell.
 64198 | Hell     | Entered the Vestibule of Hell
 64198 | Hell     | Noticed Geryon
 64504 | Depths:1 | Noticed a juggernaut
 64603 | Depths:1 | You fall through a shaft!
 65896 | Crypt:3  | Entered Level 3 of the Crypt
 67085 | Crypt:3  | Found a staircase to the Tomb.
 67307 | Vaults:2 | Reached XP level 24. HP: 169/217 MP: 27/44
 67717 | Crypt:3  | Learned a level 2 spell: Song of Slaying
 67720 | Crypt:3  | Learned a level 2 spell: Shroud of Golubria
 67724 | Crypt:3  | Learned a level 3 spell: Spectral Weapon
 68511 | Crypt:3  | Noticed Jory
 68522 | Crypt:3  | Killed Jory
 68665 | Crypt:3  | Identified the Reference Book on Quantum Transformation
 68676 | Crypt:3  | Learned a level 5 spell: Silence
 68683 | Crypt:3  | Learned a level 6 spell: Deflect Missiles
 69081 | Vaults:5 | Entered Level 5 of the Vaults
 69243 | Vaults:5 | Reached skill level 1 in Hexes
 69283 | Vaults:5 | Noticed an ancient lich
 69311 | Vaults:5 | Killed an ancient lich
 69320 | Vaults:5 | Reached skill level 5 in Charms
 69411 | Vaults:5 | Reached skill level 1 in Translocations
 69445 | Vaults:5 | Reached skill level 5 in Translocations
 69542 | Vaults:5 | Reached XP level 25. HP: 194/228 MP: 44/44
 69662 | Vaults:5 | Identified the Volume of Earthen Flight
 69839 | Vaults:5 | Found Mics's Armour Boutique.
 69998 | Vaults:5 | Identified the Guide on Congealing Necromancy
 70976 | Vaults:5 | Got a silver rune of Zot
 71457 | Vaults:5 | Reached skill level 15 in Fighting
 71535 | Vaults:4 | Noticed Mennas
 71869 | Lair:2   | Bought a pair of dazzling gloves for 494 gold pieces
 71879 | Lair:2   | Identified the +0 pair of gloves "Forget-Me-Not" {rElec} (You bought it in a shop on level 2 of the Lair of Beasts)
 72148 | Depths:1 | Killed a juggernaut
 72253 | Depths:2 | Found Seduliur's Antique Armour Emporium.
 72255 | Depths:2 | Found Kimanuh's Assorted Antiques.
 72257 | Depths:2 | Found Setir's Weapon Emporium.
 72263 | Depths:2 | Bought a bloodstained scarf for 460 gold pieces
 72273 | Depths:2 | Identified the scarf "Agutooc" {*Contam rC+ MP+9 Str+6} (You bought it in a shop on level 2 of the Depths)
 73547 | Hell     | Killed Geryon
 73899 | Depths:2 | Found a runed door.
 73983 | Depths:2 | Found a runed door.
 74132 | Hell     | Found a gateway to the ashen valley of Gehenna.
 74192 | Hell     | Found a gateway to the Iron City of Dis.
 74290 | Hell     | Found a gateway to the freezing wastes of Cocytus.
 74441 | Hell     | Found a gateway to the decaying netherworld of Tartarus.
 74616 | Depths:2 | Got a black opal-encrusted chain mail
 74627 | Depths:2 | Identified the cursed +1 chain mail "Megiakhu" {Int+5} (You found it on level 2 of the Depths)
 75127 | Depths:2 | Reached XP level 26. HP: 193/242 MP: 45/45
 76297 | Depths:3 | Noticed a juggernaut
 76714 | Depths:3 | Found a one-way gate leading to the halls of Pandemonium.
 77038 | Depths:3 | Noticed a juggernaut
 77055 | Depths:3 | Killed a juggernaut
 77078 | Depths:4 | Reached skill level 5 in Hexes
 77863 | Depths:4 | Found Imucwe's Gadget Emporium.
 78500 | Tomb:1   | Entered Level 1 of the Tomb of the Ancients
 78796 | Tomb:1   | Reached XP level 27. HP: 136/249 MP: 45/45
 79209 | Tomb:1   | Noticed a greater mummy
 79223 | Tomb:1   | Killed a greater mummy
 80524 | Depths:3 | Voluntarily entered the Abyss.
 81238 | Abyss:1  | Reached skill level 5 in Transmutations
 81983 | Abyss:1  | Found a sparkling altar of Nemelex Xobeh.
 82051 | Abyss:1  | Found an ancient bone altar of Kikubaaqudgha.
 82391 | Abyss:2  | Found a corrupted altar of Lugonu.
 82500 | Abyss:2  | Found a transporter.
 82504 | Abyss:2  | Found a corrupted altar of Lugonu.
 82709 | Abyss:2  | Found a transporter.
 82716 | Abyss:2  | Found a corrupted altar of Lugonu.
 82732 | Abyss:2  | Paralysed by accursed screaming for 2 turns
 82811 | Abyss:2  | Gained mutation: Scrolls take you a little longer to read. [a cacodemon]
 82825 | Abyss:2  | Got a dazzling battleaxe
 82836 | Abyss:2  | Found a transporter.
 82910 | Abyss:2  | Identified the cursed +0 battleaxe of Bypn {antimagic, rElec Str+4 Stlth+} (You found it on level 2 of the Abyss)
 83201 | Depths:3 | Escaped the Abyss
 83320 | Depths:5 | Entered Level 5 of the Depths
 83559 | Coc:1    | Entered Level 1 of Cocytus
 84842 | Slime:2  | Paralysed by a floating eye for 4 turns
 85335 | Depths:3 | Voluntarily entered the Abyss.
 85428 | Abyss:1  | Got a crystal broad axe
 87064 | Abyss:1  | Reached skill level 10 in Transmutations
 87182 | Depths:3 | Escaped the Abyss
 87235 | Hell     | Identified the +1 broad axe of Desperation {venom, rElec} (You found it on level 1 of the Abyss)
 88825 | Depths:5 | Found a gateway to a ziggurat.
 88954 | Depths:5 | Reached skill level 10 in Charms
 89282 | Depths:5 | Found a gate to the Realm of Zot.
 89520 | Zot:1    | Entered Level 1 of the Realm of Zot
 93684 | Vaults:2 | Bought a Necronomicon for 1766 gold pieces
 93693 | Vaults:2 | Learned a level 8 spell: Necromutation
 93905 | Lair:2   | Learned a level 8 spell: Death's Door
 94307 | Depths:3 | Voluntarily entered the Abyss.
 95042 | Depths:3 | Escaped the Abyss
 95847 | Zot:5    | Entered Level 5 of the Realm of Zot
 96068 | Depths:4 | Voluntarily entered the Abyss.
 96139 | Abyss:1  | Got a pair of fine boots
 96239 | Abyss:1  | Identified the +2 pair of boots of Liberty {rC+ MP+9 Str+4} (You found it on level 1 of the Abyss)
 96402 | Abyss:1  | Reached skill level 15 in Transmutations
 96545 | Abyss:1  | Paralysed by accursed screaming for 2 turns
 96905 | Abyss:1  | Noticed an ancient lich
 97646 | Depths:4 | Escaped the Abyss
 98309 | Depths:1 | Voluntarily entered the Abyss.
 98431 | Abyss:1  | Found a corrupted altar of Lugonu.
 98457 | Abyss:1  | Found a corrupted altar of Lugonu.
 98572 | Abyss:1  | Found a corrupted altar of Lugonu.
 98577 | Abyss:1  | Found a corrupted altar of Lugonu.
 98717 | Abyss:2  | Found a corrupted altar of Lugonu.
 98815 | Abyss:2  | Found a corrupted altar of Lugonu.
 99807 | Abyss:2  | Got a slimy chain mail
100801 | Abyss:2  | Paralysed by you for 4 turns
101018 | Depths:1 | Escaped the Abyss
101030 | Depths:1 | Identified the +0 chain mail "Jotwed" {-Cast rF+ Dex+3} (You found it on level 2 of the Abyss)
102319 | Tomb:2   | Noticed a greater mummy
102319 | Tomb:2   | Noticed a greater mummy
102320 | Tomb:2   | Noticed a greater mummy
102320 | Tomb:2   | Noticed a greater mummy
102333 | Tomb:2   | Noticed a greater mummy
102337 | Tomb:2   | Killed a greater mummy
103504 | Vaults:3 | Got a blackened hat
103516 | Vaults:3 | Got a warped hat
103527 | Vaults:3 | Identified the +2 hat "Rubliph" {rElec rPois Regen+} (You found it on level 3 of the Vaults)
103537 | Vaults:3 | Identified the +1 hat of Hysteria {rC+ Int+4 Dex+4} (You found it on level 3 of the Vaults)
103557 | Vaults:3 | Got a bloodstained hat
103563 | Vaults:3 | Identified the +1 hat of Piuvomus {+Blink Str+10 Int-2} (You found it on level 3 of the Vaults)
104004 | Tomb:2   | Killed a greater mummy
104018 | Tomb:2   | Killed a greater mummy
105403 | Tomb:2   | Killed a greater mummy
105411 | Tomb:2   | Killed a greater mummy
107584 | Tomb:1   | Noticed a greater mummy
107588 | Tomb:1   | Killed a greater mummy
107596 | Tomb:1   | Noticed a greater mummy
107603 | Tomb:1   | Killed a greater mummy
107604 | Tomb:1   | Noticed a greater mummy
107611 | Tomb:1   | Killed a greater mummy
107629 | Tomb:1   | Noticed a greater mummy
107635 | Tomb:1   | Killed a greater mummy
107637 | Tomb:1   | Noticed a greater mummy
107643 | Tomb:1   | Killed a greater mummy
107662 | Tomb:1   | Noticed a greater mummy
107671 | Tomb:1   | Killed a greater mummy
107700 | Tomb:1   | Noticed a greater mummy
107704 | Tomb:1   | Killed a greater mummy
107712 | Tomb:1   | Noticed a greater mummy
108636 | Zot:5    | Noticed an ancient lich
108648 | Zot:5    | Killed an ancient lich
109326 | Tomb:1   | Killed a greater mummy
109417 | Tomb:1   | Noticed a greater mummy
109422 | Tomb:1   | Killed a greater mummy
109470 | Tomb:1   | Noticed a greater mummy
109478 | Tomb:1   | Killed a greater mummy
109487 | Tomb:1   | Noticed a greater mummy
109492 | Tomb:1   | Noticed a greater mummy
109507 | Tomb:1   | Killed a greater mummy
109509 | Tomb:1   | Killed a greater mummy
109572 | Tomb:1   | Noticed a greater mummy
109575 | Tomb:1   | Noticed a greater mummy
109576 | Tomb:1   | Noticed a greater mummy
109577 | Tomb:1   | Noticed a greater mummy
109584 | Tomb:1   | Noticed a greater mummy
109585 | Tomb:1   | Killed a greater mummy
109588 | Tomb:1   | Killed a greater mummy
109592 | Tomb:1   | Noticed a greater mummy
109603 | Tomb:1   | Killed a greater mummy
109604 | Tomb:1   | Killed a greater mummy
109606 | Tomb:1   | Noticed a greater mummy
109619 | Tomb:1   | Killed a greater mummy
109621 | Tomb:1   | Killed a greater mummy
109623 | Tomb:1   | Noticed a greater mummy
109629 | Tomb:1   | HP: 9/258 [sun demon[a greater mummy] (6)]
110941 | Tomb:1   | Killed a greater mummy
110941 | Tomb:1   | Reached skill level 27 in Necromancy
110962 | Tomb:1   | Noticed a greater mummy
110980 | Tomb:1   | Killed a greater mummy
111094 | Tomb:1   | Noticed a greater mummy
111098 | Tomb:1   | Killed a greater mummy
111144 | Tomb:1   | Killed a greater mummy
111288 | Tomb:1   | Noticed a greater mummy
111299 | Tomb:1   | Noticed a greater mummy
111304 | Tomb:1   | Killed a greater mummy
111313 | Tomb:1   | Killed a greater mummy
111329 | Tomb:1   | Noticed a greater mummy
111334 | Tomb:1   | Killed a greater mummy
113609 | Tomb:2   | Lost mutation: Scrolls take you a little longer to read. [potion of mutation]
113609 | Tomb:2   | Lost mutation: Your mind is very acute. (Int +4) [potion of mutation]
113609 | Tomb:2   | Gained mutation: You have a pair of small horns on your head. [potion of mutation]
113609 | Tomb:2   | Gained mutation: You are surrounded by a mild repulsion field. (EV +2) [potion of mutation]
113609 | Tomb:2   | Gained mutation: Your spells are a little harder to cast, but a little more powerful. [potion of mutation]
113617 | Tomb:3   | Entered Level 3 of the Tomb of the Ancients
113676 | Tomb:3   | Noticed a greater mummy
113693 | Tomb:3   | Killed a greater mummy
113709 | Tomb:3   | Noticed a greater mummy
113710 | Tomb:3   | Noticed Ymberto's ghost (master MiFi)
114254 | Depths:1 | Voluntarily entered the Abyss.
114263 | Abyss:1  | Paralysed by accursed screaming for 2 turns
114747 | Abyss:1  | Found a corrupted altar of Lugonu.
114855 | Abyss:1  | Found a corrupted altar of Lugonu.
114888 | Abyss:1  | Found a corrupted altar of Lugonu.
114989 | Depths:1 | Escaped the Abyss
115926 | Depths:1 | Voluntarily entered the Abyss.
116158 | Abyss:1  | Found a corrupted altar of Lugonu.
116344 | Depths:1 | Escaped the Abyss
116353 | Depths:1 | Voluntarily entered the Abyss.
117566 | Abyss:4  | Reached skill level 15 in Dodging
118090 | Abyss:4  | Paralysed by accursed screaming for 1 turns
118261 | Abyss:4  | Paralysed by accursed screaming for 1 turns
118276 | Abyss:4  | Got an abyssal rune of Zot
118612 | Abyss:4  | Paralysed by accursed screaming for 1 turns
118801 | Abyss:5  | Entered Level 5 of the Abyss
118855 | Abyss:5  | Found a corrupted altar of Lugonu.
118855 | Abyss:5  | Found a corrupted altar of Lugonu.
119042 | Depths:1 | Escaped the Abyss
119151 | Hell     | Bought the +2 cloak of the Thief {+Fog Slay-2 SInv Stlth+} for 442 gold pieces
119869 | Tomb:3   | Noticed a greater mummy
119869 | Tomb:3   | Noticed a greater mummy
119869 | Tomb:3   | Noticed a greater mummy
119874 | Tomb:3   | Killed a greater mummy
119879 | Tomb:3   | Noticed a greater mummy
119884 | Tomb:3   | Killed a greater mummy
119886 | Tomb:3   | Killed a greater mummy
119935 | Tomb:2   | Killed a greater mummy
120630 | Snake:3  | Killed p0werm0de's ghost
121761 | Depths:1 | Voluntarily entered the Abyss.
121761 | Abyss:1  | Found a corrupted altar of Lugonu.
122054 | Depths:1 | Escaped the Abyss
122763 | Tomb:3   | Noticed an ancient lich
122774 | Tomb:3   | Noticed a greater mummy
122778 | Tomb:3   | Killed an ancient lich
122800 | Tomb:3   | Noticed a greater mummy
122802 | Tomb:3   | Killed a greater mummy
122821 | Tomb:3   | Killed a greater mummy
122832 | Tomb:3   | Killed a greater mummy
122876 | Tomb:3   | Killed Ymberto's ghost
123162 | Tomb:3   | Identified the cursed +0 cloak of the Grue {rC- Dex+5} (You found it on level 3 of the Tomb of the Ancients)
123198 | Tomb:3   | Identified the +0 plate armour "Volizej" {MP+9} (You found it on level 3 of the Tomb of the Ancients)
123371 | Tomb:3   | Got a golden rune of Zot
124035 | Depths:3 | Voluntarily entered the Abyss.
124035 | Abyss:1  | Noticed an ancient lich
124047 | Abyss:1  | Killed an ancient lich
124221 | Abyss:1  | Noticed an ancient lich
124239 | Abyss:1  | Killed an ancient lich
124352 | Abyss:2  | Found a corrupted altar of Lugonu.
124507 | Abyss:2  | Found a corrupted altar of Lugonu.
125010 | Abyss:2  | Noticed an ancient lich
125022 | Abyss:2  | Killed an ancient lich
125194 | Depths:3 | Escaped the Abyss
125196 | Depths:3 | Got a dazzling cloak
125197 | Depths:3 | Identified the +1 cloak of the Albatross {Str-2 Int+5} (You acquired it on level 3 of the Depths)
125311 | Zot:5    | Noticed an ancient lich
125319 | Zot:5    | Killed an ancient lich
125438 | Zot:5    | Noticed an orb of fire
125455 | Zot:5    | Killed an orb of fire
125589 | Zot:5    | Noticed an ancient lich
125601 | Zot:5    | Killed an ancient lich
125637 | Zot:5    | Noticed an orb of fire
125647 | Zot:5    | Killed an orb of fire
125687 | Zot:5    | Noticed an orb of fire
125697 | Zot:5    | Killed an orb of fire
125741 | Zot:5    | Noticed an ancient lich
125749 | Zot:5    | Killed an ancient lich
125837 | Zot:5    | Reached skill level 15 in Charms
126482 | Vaults:2 | Noticed an ancient lich
126490 | Vaults:2 | Killed an ancient lich
127182 | Vaults:4 | Killed Mennas
127543 | Geh:1    | Entered Level 1 of Gehenna
128004 | Geh:2    | Cast into level 2 of the Abyss (hell knight)
128032 | Geh:2    | Escaped the Abyss
129181 | Geh:7    | Entered Level 7 of Gehenna
130592 | Dis:1    | Entered Level 1 of the Iron City of Dis
131023 | Tar:1    | Entered Level 1 of Tartarus
131575 | D:9      | Killed letownia2's ghost
132426 | Depths:3 | Voluntarily entered the Abyss.
132446 | Abyss:1  | Found a corrupted altar of Lugonu.
132502 | Abyss:1  | Noticed an ancient lich
132509 | Abyss:1  | Killed an ancient lich
132896 | Abyss:1  | Reached skill level 27 in Armour
133473 | Abyss:2  | Found a burning altar of Makhleb.
133587 | Abyss:2  | Paralysed by accursed screaming for 1 turns
133602 | Depths:3 | Escaped the Abyss
134293 | Geh:7    | Noticed Asmodeus
134334 | Geh:7    | Killed Asmodeus
135804 | Depths:1 | Voluntarily entered the Abyss.
135804 | Abyss:1  | Found a corrupted altar of Lugonu.
135971 | Depths:1 | Escaped the Abyss
136926 | Depths:3 | Voluntarily entered the Abyss.
137368 | Abyss:1  | Found a corrupted altar of Lugonu.
137566 | Abyss:1  | Noticed an ancient lich
137584 | Abyss:1  | Killed an ancient lich
137959 | Abyss:1  | Found a corrupted altar of Lugonu.
138564 | Depths:3 | Escaped the Abyss
139233 | Geh:7    | Identified Zengeff's Almanac of Spatial Hexes
139243 | Geh:7    | Got a glittering bone ring
139266 | Geh:7    | Identified the Collected Works on Entrancing Summoning
139298 | Geh:7    | Got an obsidian rune of Zot
139307 | Geh:7    | Identified the ring "Fynweale" {rElec EV+2 Str+3 Int+3 SInv} (You found it on level 7 of Gehenna)
140024 | Coc:7    | Entered Level 7 of Cocytus
140336 | Coc:7    | Noticed the Serpent of Hell
140368 | Coc:7    | Killed the Serpent of Hell
140692 | Hell     | Bought the ring of the Saviour {+Fly AC+2 Int+4 Slay+3} for 802 gold pieces
140706 | Hell     | Bought the +8 frozen axe "Frostbite" {freezing cloud, *Noise +Fly rC+} for 3741 gold pieces
140790 | Depths:1 | Fell from the grace of Gozag
141059 | Temple   | Became a worshipper of Makhleb the Destroyer
141391 | Depths:1 | Voluntarily entered the Abyss.
141479 | Abyss:1  | Found a corrupted altar of Lugonu.
141687 | Abyss:1  | Found a corrupted altar of Lugonu.
141770 | Abyss:1  | Reached * piety under Makhleb
142153 | Abyss:1  | Reached ** piety under Makhleb
142528 | Abyss:1  | Reached *** piety under Makhleb
142733 | Abyss:3  | Found a hide-covered altar of Uskayaw.
142903 | Abyss:4  | Reached **** piety under Makhleb
142977 | Abyss:5  | Entered Level 5 of the Abyss
143202 | Abyss:5  | Reached ***** piety under Makhleb
143310 | Abyss:5  | Found an ancient bone altar of Kikubaaqudgha.
143638 | Abyss:5  | Reached ****** piety under Makhleb
143996 | Abyss:5  | Found a corrupted altar of Lugonu.
144067 | Abyss:5  | Paralysed by accursed screaming for 1 turns
144094 | Depths:1 | Escaped the Abyss
145295 | Tar:7    | Entered Level 7 of Tartarus
145318 | Tar:7    | Was forgiven by Gozag
145474 | Tar:7    | Noticed Ereshkigal
145558 | Tar:7    | Noticed an ancient lich
145563 | Tar:7    | Noticed an ancient lich
145567 | Tar:7    | Killed an ancient lich
145578 | Tar:7    | Killed an ancient lich
145590 | Tar:7    | Reached skill level 27 in Axes
145663 | Tar:7    | Killed Ereshkigal
145750 | Tar:7    | Identified the Tome of Enchantment and Good Luck
145872 | Tar:7    | Noticed an ancient lich
145878 | Tar:7    | Killed an ancient lich
146361 | Tar:7    | Got a bone rune of Zot
147151 | Dis:7    | Entered Level 7 of the Iron City of Dis
148413 | Dis:7    | Noticed Dispater
148448 | Dis:7    | Killed Dispater
148483 | Dis:7    | Got an iron rune of Zot
148486 | Dis:7    | Identified the Handbook of Mutagenic Black Arts
149396 | Tomb:2   | Lost mutation: Your spells are a little harder to cast, but a little more powerful. [a Zot trap]
150492 | Coc:7    | Noticed Antaeus
150783 | Coc:7    | Killed Antaeus
150830 | Coc:7    | Got an icy rune of Zot
150872 | Coc:7    | Got a wavering diamond amulet
151257 | Hell     | Identified the amulet "Zinaot" {Harm *Drain rElec rN+} (You took it off a skeletal warrior on level 7 of Cocytus)
151433 | Zig:1    | Entered Level 1 of a ziggurat
151454 | Zig:2    | Entered Level 2 of a ziggurat
151479 | Zig:3    | Entered Level 3 of a ziggurat
151516 | Zig:4    | Entered Level 4 of a ziggurat
151543 | Zig:5    | Entered Level 5 of a ziggurat
151567 | Zig:5    | Got a slimy amber ring
151576 | Zig:5    | Identified the ring "Wegg" {+Fly rPois rC+ Stlth+} (You found it on level 5 of a ziggurat)
151579 | Zig:6    | Entered Level 6 of a ziggurat
151615 | Zig:7    | Entered Level 7 of a ziggurat
151620 | Zig:7    | Noticed a greater mummy
151630 | Zig:7    | Killed a greater mummy
151683 | Zig:8    | Entered Level 8 of a ziggurat
151690 | Zig:8    | Noticed Baoheif the pandemonium lord
151719 | Zig:8    | Killed Baoheif the pandemonium lord
151719 | Zig:8    | Reached skill level 27 in Spellcasting
151734 | Zig:8    | Got a steaming pewter ring
151743 | Zig:8    | Identified the ring of Duphofir {+Fly rElec rC+ MP+9 Stlth+} (You found it on level 8 of a ziggurat)
151745 | Zig:9    | Entered Level 9 of a ziggurat
151822 | Zig:10   | Entered Level 10 of a ziggurat
151870 | Zig:10   | Identified the Compendium of Calling
151873 | Zig:10   | Got an ancient bone ring
151879 | Zig:10   | Identified the ring of Fycux {+Fly Str+3 Dex-5 SInv Stlth+} (You found it on level 10 of a ziggurat)
151990 | Zig:11   | Entered Level 11 of a ziggurat
152091 | Zig:12   | Entered Level 12 of a ziggurat
152178 | Zig:12   | Identified the Reference Book on the Ashen Oath
152198 | Zig:12   | Identified the amulet "Idiqe" {Faith Str+5} (You found it on level 12 of a ziggurat)
152202 | Zig:12   | Identified the ring of the Two Names {rPois Str+2 Dex+3} (You found it on level 12 of a ziggurat)
152212 | Zig:13   | Entered Level 13 of a ziggurat
152458 | Zig:14   | Entered Level 14 of a ziggurat
152527 | Zig:14   | Got a smoking amber ring
152533 | Zig:14   | Got a glittering bone ring
152544 | Zig:14   | Identified the ring of Fedhas's Outrage {+Fly rN+ MR+ Stlth+} (You found it on level 14 of a ziggurat)
152546 | Zig:14   | Identified the ring of Kanuanum {Fire rN++ Slay+4 SInv} (You found it on level 14 of a ziggurat)
152562 | Zig:15   | Entered Level 15 of a ziggurat
152656 | Zig:15   | Got a transparent glass ring
152659 | Zig:15   | Identified the Papyrus of Clay and Feathers
152675 | Zig:15   | Identified the ring "Jaicuin" {rCorr rC- rN+ Str+7} (You found it on level 15 of a ziggurat)
152680 | Zig:16   | Entered Level 16 of a ziggurat
152690 | Zig:16   | Noticed an ancient lich
152705 | Zig:16   | Killed an ancient lich
152793 | Zig:16   | Got a vibrating wooden ring
152810 | Zig:16   | Identified the ring of Beogh's Outrage {Ice Int+3 Dex-5} (You found it on level 16 of a ziggurat)
152813 | Zig:17   | Entered Level 17 of a ziggurat
152859 | Zig:17   | Reached skill level 27 in Fighting
152893 | Zig:17   | Identified the Grimoire of Dislocated Transmigration
152923 | Zig:18   | Entered Level 18 of a ziggurat
152987 | Zig:18   | Identified Gequg's Guide on Sinister Translocation
153042 | Zig:18   | Identified the +4 large shield "Dyoluipiss" {rF+ MP+9} (You found it on level 18 of a ziggurat)
153136 | Zig:19   | Entered Level 19 of a ziggurat
153141 | Zig:19   | Noticed Wafrua the pandemonium lord
153141 | Zig:19   | Noticed Voiph the pandemonium lord
153142 | Zig:19   | Noticed Adunit the pandemonium lord
153142 | Zig:19   | Noticed Kiagette the pandemonium lord
153143 | Zig:19   | Noticed Mevoavung the pandemonium lord
153143 | Zig:19   | Noticed Juit the pandemonium lord
153144 | Zig:19   | Noticed Mopt the pandemonium lord
153147 | Zig:19   | Noticed Vocakh the pandemonium lord
153148 | Zig:19   | Noticed Fiky the pandemonium lord
153149 | Zig:19   | Noticed Peloni Qeim the pandemonium lord
153151 | Zig:19   | Noticed Ifack the pandemonium lord
153151 | Zig:19   | Killed Voiph the pandemonium lord
153152 | Zig:19   | Paralysed by a floating eye for 4 turns
153161 | Zig:19   | Killed Mevoavung the pandemonium lord
153163 | Zig:19   | Killed Fiky the pandemonium lord
153168 | Zig:19   | Killed Kiagette the pandemonium lord
153169 | Zig:19   | Killed Wafrua the pandemonium lord
153171 | Zig:19   | Killed Juit the pandemonium lord
153173 | Zig:19   | Killed Mopt the pandemonium lord
153176 | Zig:19   | Killed Adunit the pandemonium lord
153178 | Zig:19   | Killed Vocakh the pandemonium lord
153179 | Zig:19   | Killed Peloni Qeim the pandemonium lord
153196 | Zig:19   | Killed Ifack the pandemonium lord
153223 | Zig:19   | Identified the Grimoire of the Heron
153244 | Zig:19   | Got a bound platinum amulet
153245 | Zig:19   | Identified the amulet "Ostoemny" {Faith +Blink rN+ Int-4} (You found it on level 19 of a ziggurat)
153291 | Zig:20   | Entered Level 20 of a ziggurat
153414 | Zig:21   | Entered Level 21 of a ziggurat
153421 | Zig:21   | Noticed a juggernaut
153422 | Zig:21   | Noticed a juggernaut
153423 | Zig:21   | Noticed a juggernaut
153427 | Zig:21   | Killed a juggernaut
153428 | Zig:21   | Noticed a juggernaut
153430 | Zig:21   | Noticed a juggernaut
153430 | Zig:21   | Killed a juggernaut
153434 | Zig:21   | Killed a juggernaut
153435 | Zig:21   | Noticed a juggernaut
153438 | Zig:21   | Noticed a juggernaut
153438 | Zig:21   | Reached skill level 5 in Unarmed Combat
153440 | Zig:21   | Noticed a juggernaut
153444 | Zig:21   | Killed a juggernaut
153444 | Zig:21   | Killed a juggernaut
153453 | Zig:21   | Killed a juggernaut
153455 | Zig:21   | Killed a juggernaut
153458 | Zig:21   | Killed a juggernaut
153495 | Zig:21   | Reached skill level 10 in Unarmed Combat
153557 | Zig:21   | Got a brightly glowing sapphire amulet
153592 | Zig:21   | Identified the amulet "Ymith" {Spirit Int+2 Dex+6} (You found it on level 21 of a ziggurat)
153593 | Zig:21   | Identified the +7 plate armour of Zeonaoss {rElec Str-2 Int+4} (You found it on level 21 of a ziggurat)
153620 | Zig:22   | Entered Level 22 of a ziggurat
153769 | Zig:22   | Identified Daipsema's Witchcraft, Part Four
153815 | Zig:23   | Entered Level 23 of a ziggurat
153828 | Zig:23   | Paralysed by a floating eye for 3 turns
153878 | Zig:23   | Got a scintillating copper ring
153915 | Zig:23   | Identified the ring of Butchery {+Fly rC+ Str+3 Dex+4} (You found it on level 23 of a ziggurat)
153927 | Zig:24   | Entered Level 24 of a ziggurat
153967 | Zig:24   | Reached skill level 27 in Dodging
154000 | Zig:24   | Got an ancient lead ring
154006 | Zig:24   | Identified the ring "Feroug" {rElec rPois Dex-2 Slay+5 Stlth-} (You found it on level 24 of a ziggurat)
154012 | Zig:24   | Got a pair of smoking boots
154014 | Zig:24   | Identified the cursed +0 pair of boots of Zairoe Orghiu {Dex+4} (You found it on level 24 of a ziggurat)
154027 | Zig:24   | Got a sparkling jade amulet
154031 | Zig:24   | Identified the amulet "Itraofid" {+Rage MR+} (You found it on level 24 of a ziggurat)
154061 | Zig:25   | Entered Level 25 of a ziggurat
154169 | Zig:25   | Identified Sif Muna's Collected Works on Heat and the Glacier
154232 | Zig:26   | Entered Level 26 of a ziggurat
154244 | Zig:26   | Noticed an ancient lich
154264 | Zig:26   | Noticed an ancient lich
154265 | Zig:26   | Killed an ancient lich
154295 | Zig:26   | Killed an ancient lich
154295 | Zig:26   | Reached skill level 27 in Charms
154352 | Zig:26   | Got a faintly glowing steel ring
154353 | Zig:26   | Identified the ring of Megalomania {Str+5 Stlth+} (You found it on level 26 of a ziggurat)
154406 | Zig:27   | Entered Level 27 of a ziggurat
154416 | Zig:27   | Noticed a greater mummy
154417 | Zig:27   | Noticed a greater mummy
154421 | Zig:27   | Noticed a greater mummy
154422 | Zig:27   | Noticed a greater mummy
154423 | Zig:27   | Noticed a greater mummy
154424 | Zig:27   | Noticed a greater mummy
154424 | Zig:27   | Killed a greater mummy
154425 | Zig:27   | Noticed a greater mummy
154427 | Zig:27   | Noticed a greater mummy
154429 | Zig:27   | Noticed a greater mummy
154430 | Zig:27   | Noticed a greater mummy
154431 | Zig:27   | Noticed a greater mummy
154433 | Zig:27   | Noticed a greater mummy
154433 | Zig:27   | Killed a greater mummy
154436 | Zig:27   | Noticed a greater mummy
154436 | Zig:27   | Killed a greater mummy
154438 | Zig:27   | Noticed a greater mummy
154444 | Zig:27   | Noticed a greater mummy
154446 | Zig:27   | Killed a greater mummy
154447 | Zig:27   | Noticed a greater mummy
154448 | Zig:27   | Killed a greater mummy
154449 | Zig:27   | Killed a greater mummy
154454 | Zig:27   | Killed a greater mummy
154460 | Zig:27   | Killed a greater mummy
154460 | Zig:27   | Reached skill level 10 in Air Magic
154460 | Zig:27   | Killed a greater mummy
154462 | Zig:27   | Noticed a greater mummy
154464 | Zig:27   | Killed a greater mummy
154466 | Zig:27   | Killed a greater mummy
154466 | Zig:27   | Killed a greater mummy
154466 | Zig:27   | Killed a greater mummy
154467 | Zig:27   | Reached skill level 10 in Translocations
154476 | Zig:27   | Killed a greater mummy
154477 | Zig:27   | Killed a greater mummy
154479 | Zig:27   | Killed a greater mummy
154495 | Zig:27   | Killed a greater mummy
154539 | Zig:27   | Identified the Handbook of the Flying Volcanoes
154576 | Zig:27   | Reached skill level 15 in Unarmed Combat
154672 | Zig:1    | Entered Level 1 of a ziggurat
154686 | Zig:2    | Entered Level 2 of a ziggurat
154689 | Zig:2    | Reached skill level 1 in Short Blades
154698 | Zig:2    | Got a heavily runed marble ring
154702 | Zig:2    | Identified the ring of Weitsuh {rElec rF+ EV+3 Int+2 Dex-2} (You found it on level 2 of a ziggurat)
154705 | Zig:3    | Entered Level 3 of a ziggurat
154705 | Zig:3    | Noticed an orb of fire
154712 | Zig:3    | Gained mutation: Your magical capacity is low. (-10% MP) [an orb of fire]
154716 | Zig:3    | Killed an orb of fire
154716 | Zig:3    | Reached skill level 10 in Crossbows
154721 | Zig:3    | Got a glittering bronze amulet
154724 | Zig:3    | Got a slimy ruby amulet
154727 | Zig:3    | Identified the amulet of Vekhuo Pihu {-Tele rF++ rC+ Regen+ Int+2} (You found it on level 3 of a ziggurat)
154728 | Zig:3    | Identified the amulet "Xogum" {Reflect rN+ SH+6 SInv} (You found it on level 3 of a ziggurat)
154734 | Zig:4    | Entered Level 4 of a ziggurat
154763 | Zig:5    | Entered Level 5 of a ziggurat
154786 | Zig:5    | Reached skill level 5 in Short Blades
154801 | Zig:6    | Entered Level 6 of a ziggurat
154819 | Zig:6    | Reached skill level 10 in Evocations
154835 | Zig:6    | Identified Reuck's Volume of Icy Clay
154839 | Zig:6    | Identified the Compendium of the Voyage and Earth
154851 | Zig:7    | Entered Level 7 of a ziggurat
154901 | Zig:8    | Entered Level 8 of a ziggurat
154948 | Zig:9    | Entered Level 9 of a ziggurat
155034 | Zig:9    | Identified Sif Muna's Guide on Changing and Malediction
155038 | Zig:9    | Identified the Papyrus of Bewitchment
155060 | Zig:10   | Entered Level 10 of a ziggurat
155105 | Zig:10   | Got an ancient lapis lazuli ring
155125 | Zig:10   | Got a slimy iron ring
155133 | Zig:10   | Identified the ring of Ruhog {+Fly rElec rPois Int-5 Slay+2} (You found it on level 10 of a ziggurat)
155135 | Zig:10   | Identified the ring "Asaygex" {Str+3 Dex+3 Stlth-} (You found it on level 10 of a ziggurat)
155138 | Zig:11   | Entered Level 11 of a ziggurat
155166 | Zig:11   | Reached skill level 10 in Short Blades
155171 | Zig:11   | Reached skill level 5 in Fire Magic
155173 | Zig:11   | Reached skill level 15 in Evocations
155190 | Zig:11   | Reached skill level 15 in Crossbows
155226 | Zig:11   | Got a vibrating iron ring
155253 | Zig:11   | Identified the ring "Kizxuhap" {rPois rF+} (You found it on level 11 of a ziggurat)
155256 | Zig:12   | Entered Level 12 of a ziggurat
155317 | Zig:12   | Identified Irioriwk's Reference Book on Talismans
155332 | Zig:13   | Entered Level 13 of a ziggurat
155392 | Zig:13   | Got a crude wooden ring
155402 | Zig:13   | Identified the ring of Otootaok {Fire *Drain Int+3 Dex+6} (You found it on level 13 of a ziggurat)
155410 | Zig:14   | Entered Level 14 of a ziggurat
155416 | Zig:14   | Noticed a greater mummy
155416 | Zig:14   | Noticed a greater mummy
155416 | Zig:14   | Noticed a greater mummy
155416 | Zig:14   | Noticed a greater mummy
155417 | Zig:14   | Noticed a greater mummy
155417 | Zig:14   | Noticed a greater mummy
155435 | Zig:14   | Killed a greater mummy
155435 | Zig:14   | Reached skill level 10 in Fire Magic
155436 | Zig:14   | Killed a greater mummy
155442 | Zig:14   | Killed a greater mummy
155444 | Zig:14   | Killed a greater mummy
155449 | Zig:14   | Killed a greater mummy
155461 | Zig:14   | Killed a greater mummy
155486 | Zig:14   | Identified the Disquisition on Hexes and Earth
155516 | Zig:15   | Entered Level 15 of a ziggurat
155570 | Zig:15   | Got a wavering pewter ring
155579 | Zig:15   | Identified the ring of New Discoveries {rElec Int+4 Stlth-} (You found it on level 15 of a ziggurat)
155581 | Zig:16   | Entered Level 16 of a ziggurat
155648 | Zig:16   | Identified the +1 helmet "Ewysour" {rElec rF+} (You found it on level 16 of a ziggurat)
155653 | Zig:16   | Got a fine lapis lazuli ring
155655 | Zig:16   | Identified the ring "Waq Quth" {rF+ rC+ Dex-3 Stlth+} (You found it on level 16 of a ziggurat)
155668 | Zig:17   | Entered Level 17 of a ziggurat
155703 | Zig:17   | Paralysed by accursed screaming for 1 turns
155709 | Zig:17   | Paralysed by accursed screaming for 2 turns
155715 | Zig:17   | Paralysed by accursed screaming for 2 turns
155737 | Zig:17   | Paralysed by accursed screaming for 2 turns
155824 | Zig:18   | Entered Level 18 of a ziggurat
155842 | Zig:18   | Reached skill level 1 in Maces & Flails
155865 | Zig:18   | Reached skill level 5 in Maces & Flails
155957 | Zig:19   | Entered Level 19 of a ziggurat
155987 | Zig:19   | Reached skill level 10 in Maces & Flails
156059 | Zig:19   | Got a steaming gossamer ring
156064 | Zig:19   | Identified the Collected Works on Supportive Ice
156070 | Zig:19   | Identified the +2 chain mail "Ahaixamuzy" {*Corrode Int+7} (You found it on level 19 of a ziggurat)
156079 | Zig:19   | Identified the +1 chain mail of the Modern Deaths {rF+} (You found it on level 19 of a ziggurat)
156080 | Zig:19   | Identified the ring of Hard Scrabble {Fire rN+ Str+4 Int+4 Dex+3} (You found it on level 19 of a ziggurat)
156081 | Zig:19   | Identified the Tome of Mutagenic Evil Secrets
156101 | Zig:20   | Entered Level 20 of a ziggurat
156111 | Zig:20   | Noticed a greater mummy
156111 | Zig:20   | Noticed a greater mummy
156111 | Zig:20   | Noticed a greater mummy
156111 | Zig:20   | Noticed a greater mummy
156111 | Zig:20   | Noticed a greater mummy
156111 | Zig:20   | Noticed a greater mummy
156112 | Zig:20   | Noticed a greater mummy
156116 | Zig:20   | Killed a greater mummy
156117 | Zig:20   | Noticed a greater mummy
156117 | Zig:20   | Killed a greater mummy
156117 | Zig:20   | Killed a greater mummy
156119 | Zig:20   | Killed a greater mummy
156119 | Zig:20   | Killed a greater mummy
156121 | Zig:20   | Killed a greater mummy
156122 | Zig:20   | Killed a greater mummy
156127 | Zig:20   | Killed a greater mummy
156142 | Zig:20   | Got a bound copper amulet
156174 | Zig:20   | Identified the amulet "Cytriner" {Inacc +Fly Stlth+} (You found it on level 20 of a ziggurat)
156176 | Zig:20   | Got a warped emerald amulet
156177 | Zig:20   | Identified the amulet of Ashenzari's Esteem {Reflect Int+4 SH+3 Stlth+} (You found it on level 20 of a ziggurat)
156183 | Zig:21   | Entered Level 21 of a ziggurat
156289 | Zig:21   | Identified the Volume of Transmigration
156303 | Zig:21   | Identified the +6 storm dragon scales of Saof {rElec rPois rCorr Slay-3} (You found it on level 21 of a ziggurat)
156351 | Zig:22   | Entered Level 22 of a ziggurat
156366 | Zig:22   | Noticed Qoit the pandemonium lord
156386 | Zig:22   | Killed Qoit the pandemonium lord
156493 | Zig:22   | Identified the ring "Tomioll" {rElec rN+ MR+ Int-3 Slay+5} (You found it on level 22 of a ziggurat)
156500 | Zig:22   | Identified the amulet of Fixation {rF++ Regen+ Int+2} (You found it on level 22 of a ziggurat)
156530 | Zig:23   | Entered Level 23 of a ziggurat
156553 | Zig:23   | Reached skill level 5 in Stealth
156567 | Zig:23   | Paralysed by accursed screaming for 2 turns
156576 | Zig:23   | Reached skill level 10 in Stealth
156654 | Zig:23   | Got a dazzling helmet
156655 | Zig:23   | Identified the +1 helmet of True Grit {+Fly} (You found it on level 23 of a ziggurat)
156688 | Zig:24   | Entered Level 24 of a ziggurat
156724 | Zig:24   | Reached skill level 15 in Stealth
156826 | Zig:24   | Got a warped diamond amulet
156833 | Zig:24   | Identified the ring of the Skies Above {rC+ Dex+2} (You found it on level 24 of a ziggurat)
156853 | Zig:24   | Identified the amulet of Kycvieno {Reflect -Tele *Contam rN+ Dex+6 SH+6} (You found it on level 24 of a ziggurat)
156897 | Zig:25   | Entered Level 25 of a ziggurat
157005 | Zig:25   | Got a smoking steel ring
157025 | Zig:25   | Identified the ring of the Princess {MP+9 Int+3 Dex+3} (You found it on level 25 of a ziggurat)
157032 | Zig:26   | Entered Level 26 of a ziggurat
157067 | Zig:26   | Reached skill level 15 in Maces & Flails
157139 | Zig:26   | Identified the +2 pair of boots of Ehufris {rC+ Stlth+} (You found it on level 26 of a ziggurat)
157144 | Zig:26   | Got a coiled steel ring
157167 | Zig:26   | Identified Ipsanudd's Handbook of Battle Magic and the Birds
157169 | Zig:26   | Identified the Grimoire of Weightlessness and Earth
157199 | Zig:26   | Identified the ring of Doors {MR+ MP+9 Str-5 Int+2} (You found it on level 26 of a ziggurat)
157202 | Zig:27   | Entered Level 27 of a ziggurat
157334 | Zig:27   | Got a smoking pewter ring
157340 | Zig:27   | Got a wavering golden ring
157350 | Zig:27   | Identified the ring of Hiaddij {rF+ Int+6} (You found it on level 27 of a ziggurat)
157351 | Zig:27   | Identified the ring "Viga" {+Inv rN+ MR+ Int-5 SInv} (You found it on level 27 of a ziggurat)
157457 | Zig:1    | Entered Level 1 of a ziggurat
157463 | Zig:1    | Paralysed by accursed screaming for 1 turns
157490 | Zig:2    | Entered Level 2 of a ziggurat
157521 | Zig:3    | Entered Level 3 of a ziggurat
157550 | Zig:4    | Entered Level 4 of a ziggurat
157590 | Zig:5    | Entered Level 5 of a ziggurat
157593 | Zig:5    | Noticed Qitipnuf the pandemonium lord
157610 | Zig:5    | Killed Qitipnuf the pandemonium lord
157644 | Zig:6    | Entered Level 6 of a ziggurat
157692 | Zig:7    | Entered Level 7 of a ziggurat
157745 | Zig:8    | Entered Level 8 of a ziggurat
157759 | Zig:8    | Reached skill level 1 in Long Blades
157813 | Zig:9    | Entered Level 9 of a ziggurat
157816 | Zig:9    | Noticed a juggernaut
157817 | Zig:9    | Noticed a juggernaut
157827 | Zig:9    | Killed a juggernaut
157830 | Zig:9    | Killed a juggernaut
157879 | Zig:9    | Got a ring of the Octopus King
157880 | Zig:9    | Identified the Incunabulum of Mutagenic Boosts
157888 | Zig:9    | Identified Sif Muna's Handbook of Shape Shifting
157892 | Zig:9    | Identified a ring of the Octopus King {AC+1 EV+1 Str+1 Int+1 Dex+1 Stlth+} (You found it on level 9 of a ziggurat)
157904 | Zig:10   | Entered Level 10 of a ziggurat
157912 | Zig:10   | Noticed Bato the pandemonium lord
157912 | Zig:10   | Noticed Dupto the pandemonium lord
157912 | Zig:10   | Noticed Buetyvy the pandemonium lord
157928 | Zig:10   | Killed Dupto the pandemonium lord
157928 | Zig:10   | Reached skill level 27 in Stealth
157928 | Zig:10   | Reached skill level 1 in Invocations
157937 | Zig:10   | Killed Bato the pandemonium lord
157940 | Zig:10   | Killed Buetyvy the pandemonium lord
157942 | Zig:10   | Reached skill level 5 in Invocations
157957 | Zig:10   | Got a twitching bone ring
157959 | Zig:10   | Got a scintillating bone ring
157965 | Zig:10   | Got a crude platinum ring
157976 | Zig:10   | Identified the ring of Fallacy {rF- Dex+4 Slay+5} (You found it on level 10 of a ziggurat)
157978 | Zig:10   | Identified the ring of Necw {+Blink MP+9 Dex+5 SInv} (You found it on level 10 of a ziggurat)
157980 | Zig:10   | Identified the ring of Hujaseyrph {*Tele rN++ Stlth+} (You found it on level 10 of a ziggurat)
157987 | Zig:11   | Entered Level 11 of a ziggurat
158005 | Zig:11   | Noticed Lekkaipn the pandemonium lord
158035 | Zig:11   | Killed Lekkaipn the pandemonium lord
158044 | Zig:11   | Reached skill level 10 in Invocations
158093 | Zig:12   | Entered Level 12 of a ziggurat
158166 | Zig:12   | Got a sparkling tin ring
158183 | Zig:12   | Identified the ring of Aghe {AC+2 Int+2 SInv} (You found it on level 12 of a ziggurat)
158191 | Zig:13   | Entered Level 13 of a ziggurat
158239 | Zig:13   | Got a bound ivory ring
158327 | Zig:14   | Entered Level 14 of a ziggurat
158366 | Zig:14   | Reached skill level 15 in Invocations
158409 | Zig:14   | Got a flickering steel ring
158427 | Zig:14   | Identified the ring "Vykhapt" {rPois MR+ Stlth+} (You found it on level 13 of a ziggurat)
158428 | Zig:14   | Identified the ring "Asat" {rElec rPois rN+} (You found it on level 14 of a ziggurat)
158441 | Zig:15   | Entered Level 15 of a ziggurat
158602 | Zig:16   | Entered Level 16 of a ziggurat
158689 | Zig:16   | Got a smoking lead amulet
158694 | Zig:16   | Identified the amulet "Yjuotobb" {Faith +Inv MR- Stlth+} (You found it on level 16 of a ziggurat)
158695 | Zig:16   | Identified the +1 pair of gloves of Miracles {rElec rC+++ Dex-4 SInv} (You found it on level 16 of a ziggurat)
158718 | Zig:17   | Entered Level 17 of a ziggurat
158840 | Zig:17   | Got a glittering glass ring
158846 | Zig:17   | Identified the Guide on Lethal Slavery
158856 | Zig:17   | Identified the ring of Vuwuah {rPois Str+4 Int+7 Stlth-} (You found it on level 17 of a ziggurat)
158985 | Zig:18   | Entered Level 18 of a ziggurat
159241 | Zig:19   | Entered Level 19 of a ziggurat
159392 | Zig:19   | Got a clouded turquoise ring
159407 | Zig:19   | Got a wavering platinum ring
159415 | Zig:19   | Identified the ring "Beischu" {*Slow MR+ Str+6 Int+2 Stlth+} (You found it on level 19 of a ziggurat)
159417 | Zig:19   | Identified the ring "Melletao" {Fire rElec rN+ Str+3 Int-3} (You found it on level 19 of a ziggurat)
159446 | Zig:20   | Entered Level 20 of a ziggurat
159542 | Zig:20   | Got a crude copper ring
159546 | Zig:20   | Got a bound bone ring
159553 | Zig:20   | Got a faintly glowing cloak
159566 | Zig:20   | Identified the +2 cloak of Gluttony {rPois Int+4} (You found it on level 20 of a ziggurat)
159568 | Zig:20   | Identified the ring "Zolot" {rPois MR- Str+4 SInv} (You found it on level 20 of a ziggurat)
159570 | Zig:20   | Identified the ring "Myav" {rCorr +Blink rElec rPois rC-} (You found it on level 20 of a ziggurat)
159586 | Zig:21   | Entered Level 21 of a ziggurat
159628 | Zig:21   | Reached skill level 27 in Unarmed Combat
159782 | Zig:21   | Lost mutation: You have a pair of small horns on your head. [potion of mutation]
159782 | Zig:21   | Lost mutation: Your magical capacity is low. (-10% MP) [potion of mutation]
159782 | Zig:21   | Lost mutation: Your mind is acute. (Int +2) [potion of mutation]
159782 | Zig:21   | Lost mutation: You are partially covered in icy blue scales. (AC +2) [potion of mutation]
159782 | Zig:21   | Gained mutation: You have a pair of small horns on your head. [potion of mutation]
159782 | Zig:21   | Gained mutation: You evolve. [potion of mutation]
159782 | Zig:21   | Gained mutation: Your movements are slightly less encumbered by armour. (ER -2) [potion of mutation]
159783 | Zig:21   | Lost mutation: You evolve. [potion of mutation]
159783 | Zig:21   | Lost mutation: You are surrounded by a mild repulsion field. (EV +2) [potion of mutation]
159783 | Zig:21   | Gained mutation: Your skin changes colour to match your surroundings (Stealth+). [potion of mutation]
159783 | Zig:21   | Gained mutation: You have a beak for a mouth. [potion of mutation]
159783 | Zig:21   | Gained mutation: You evolve. [potion of mutation]
159784 | Zig:21   | Lost mutation: You have a pair of small horns on your head. [potion of mutation]
159784 | Zig:21   | Lost mutation: You evolve. [potion of mutation]
159784 | Zig:21   | Gained mutation: You possess an exceptional clarity of mind. [potion of mutation]
159784 | Zig:21   | Gained mutation: You have a pair of small antennae on your head. [potion of mutation]
159793 | Zig:22   | Entered Level 22 of a ziggurat
159820 | Zig:22   | Reached skill level 5 in Summonings
159891 | Zig:22   | Got a crude copper ring
159941 | Zig:22   | Identified the ring of Cuutod {rPois MR+} (You found it on level 22 of a ziggurat)
159964 | Zig:23   | Entered Level 23 of a ziggurat
160017 | Zig:23   | Reached skill level 15 in Translocations
160063 | Zig:23   | Identified the cursed +0 helmet of the Worm {Str+2 Int+6} (You found it on level 23 of a ziggurat)
160068 | Zig:23   | Got a bound amber ring
160073 | Zig:23   | Identified the ring "Nofalec" {-Tele MR+ Int+5 SInv} (You found it on level 23 of a ziggurat)
160076 | Zig:24   | Entered Level 24 of a ziggurat
160112 | Zig:24   | Reached skill level 10 in Summonings
160215 | Zig:24   | Reached skill level 27 in Transmutations
160249 | Zig:24   | Got a polished large shield
160256 | Zig:24   | Identified the +3 large shield of Impermeability {-Cast rF+++ Str+7} (You took it off a daeva on level 24 of a ziggurat)
160354 | Zig:25   | Entered Level 25 of a ziggurat
160539 | Zig:26   | Entered Level 26 of a ziggurat
160636 | Zig:26   | Reached skill level 15 in Short Blades
160700 | Zig:26   | Got a twitching tin ring
160713 | Zig:26   | Identified the ring of Conversion {+Fly rElec rF- MP+9 Str+6} (You found it on level 26 of a ziggurat)
160718 | Zig:26   | Got an encrusted buckler
160777 | Zig:27   | Entered Level 27 of a ziggurat
160875 | Zig:27   | Cast into level 2 of the Abyss (reaper)
160888 | Abyss:2  | Found a corrupted altar of Lugonu.
160938 | Abyss:2  | Found a corrupted altar of Lugonu.
161027 | Abyss:3  | Found a corrupted altar of Lugonu.
161054 | Abyss:3  | Found a corrupted altar of Lugonu.
161226 | Zig:27   | Escaped the Abyss
161378 | Zig:1    | Entered Level 1 of a ziggurat
161396 | Zig:2    | Entered Level 2 of a ziggurat
161435 | Zig:3    | Entered Level 3 of a ziggurat
161483 | Zig:4    | Entered Level 4 of a ziggurat
161497 | Zig:4    | Reached skill level 5 in Conjurations
161521 | Zig:5    | Entered Level 5 of a ziggurat
161723 | Zig:6    | Entered Level 6 of a ziggurat
161759 | Zig:6    | Got a bound diamond amulet
161760 | Zig:6    | Identified the Collected Works on Unholy Weightlessness
161764 | Zig:6    | Identified the amulet "Nyttor" {RegenMP rElec rC++ Dex+6} (You found it on level 6 of a ziggurat)
161767 | Zig:7    | Entered Level 7 of a ziggurat
161785 | Zig:7    | Reached skill level 10 in Conjurations
161840 | Zig:8    | Entered Level 8 of a ziggurat
161897 | Zig:8    | Got a ring of the Octopus King
161904 | Zig:8    | Got a serpentine lead amulet
161918 | Zig:8    | Identified the amulet of Wopigh Haufo {+Blink Regen+} (You found it on level 8 of a ziggurat)
161926 | Zig:9    | Entered Level 9 of a ziggurat
161933 | Zig:9    | Noticed a juggernaut
161951 | Zig:9    | Killed a juggernaut
162029 | Zig:9    | Identified the +1 helmet "Ilea" {Dex+4} (You found it on level 9 of a ziggurat)
162032 | Zig:9    | Identified the Disquisition on Icy Envenoming
162047 | Zig:10   | Entered Level 10 of a ziggurat
162053 | Zig:10   | Noticed a greater mummy
162056 | Zig:10   | Noticed a greater mummy
162066 | Zig:10   | Killed a greater mummy
162066 | Zig:10   | Killed a greater mummy
162121 | Zig:10   | Got a fine lapis lazuli ring
162124 | Zig:10   | Identified the Tome of Ashen Transformation
162139 | Zig:10   | Identified the ring of Avaih {Fire rElec rPois Str-2} (You found it on level 10 of a ziggurat)
162142 | Zig:11   | Entered Level 11 of a ziggurat
162278 | Zig:12   | Entered Level 12 of a ziggurat
162305 | Zig:12   | Reached skill level 5 in Long Blades
162311 | Zig:12   | Reached skill level 15 in Conjurations
162337 | Zig:12   | Identified the Guide on the Mutagenic Oath
162371 | Zig:12   | Identified the Volume of Noxious Damage Dealing
162388 | Zig:13   | Entered Level 13 of a ziggurat
162458 | Zig:13   | Got an ancient amber ring
162466 | Zig:13   | Identified the Reference Book on Spatial Self-Knowledge
162469 | Zig:13   | Identified the ring of Giott {+Fly rN+ Dex+4 Stlth+} (You found it on level 13 of a ziggurat)
162472 | Zig:13   | Got a warped tin ring
162473 | Zig:13   | Identified the ring of Nifater {AC+1 Int+3} (You found it on level 13 of a ziggurat)
162490 | Zig:14   | Entered Level 14 of a ziggurat
162511 | Zig:14   | Reached skill level 15 in Summonings
162584 | Zig:15   | Entered Level 15 of a ziggurat
162747 | Zig:16   | Entered Level 16 of a ziggurat
162844 | Zig:16   | Got a crude platinum ring
162862 | Zig:16   | Identified the Grimoire of Supportive Poisoning
162873 | Zig:16   | Identified the Handbook of Fire and the Mountains
162878 | Zig:16   | Identified the ring of Abueceuki {rF+ MR+} (You found it on level 16 of a ziggurat)
162881 | Zig:17   | Entered Level 17 of a ziggurat
162999 | Zig:17   | Got a warped lead ring
163025 | Zig:17   | Got a heavily runed marble ring
163026 | Zig:17   | Identified the ring of Ament {rN+ Stlth-} (You found it on level 17 of a ziggurat)
163028 | Zig:17   | Identified the cursed ring of Rafiliud {+Fly Str-5} (You found it on level 17 of a ziggurat)
163055 | Zig:18   | Entered Level 18 of a ziggurat
163063 | Zig:18   | Noticed a juggernaut
163065 | Zig:18   | Noticed a juggernaut
163073 | Zig:18   | Killed a juggernaut
163074 | Zig:18   | Noticed a juggernaut
163077 | Zig:18   | Killed a juggernaut
163091 | Zig:18   | Killed a juggernaut
163100 | Zig:18   | Noticed a juggernaut
163116 | Zig:18   | Killed a juggernaut
163228 | Zig:19   | Entered Level 19 of a ziggurat
163253 | Zig:19   | Paralysed by accursed screaming for 1 turns
163267 | Zig:19   | Paralysed by accursed screaming for 2 turns
163280 | Zig:19   | Paralysed by accursed screaming for 2 turns
163295 | Zig:19   | Paralysed by accursed screaming for 2 turns
163311 | Zig:19   | Paralysed by accursed screaming for 2 turns
163319 | Zig:19   | Paralysed by accursed screaming for 2 turns
163330 | Zig:19   | Paralysed by accursed screaming for 2 turns
163404 | Zig:19   | Got a scorched bone ring
163405 | Zig:19   | Identified the ring "Liewes" {+Inv Str+2 Dex-4 SInv} (You found it on level 19 of a ziggurat)
163443 | Zig:20   | Entered Level 20 of a ziggurat
163463 | Zig:20   | Noticed an ancient lich
163463 | Zig:20   | Noticed an ancient lich
163469 | Zig:20   | Noticed an ancient lich
163469 | Zig:20   | Noticed an ancient lich
163484 | Zig:20   | Killed an ancient lich
163495 | Zig:20   | Killed an ancient lich
163498 | Zig:20   | Killed an ancient lich
163502 | Zig:20   | Killed an ancient lich
163570 | Zig:20   | Identified the +8 triple sword of the Endless March {slice, rElec Dex+7} (You found it on level 20 of a ziggurat)
163607 | Zig:21   | Entered Level 21 of a ziggurat
163618 | Zig:21   | Noticed Emuxoz the pandemonium lord
163622 | Zig:21   | Noticed Edghud the pandemonium lord
163623 | Zig:21   | Noticed Paddaiv the pandemonium lord
163625 | Zig:21   | Noticed Urchayk the pandemonium lord
163626 | Zig:21   | Noticed Fygiyg the pandemonium lord
163628 | Zig:21   | Noticed Lirub the pandemonium lord
163628 | Zig:21   | Noticed Zemofuad the pandemonium lord
163632 | Zig:21   | Noticed Gytar the pandemonium lord
163632 | Zig:21   | Noticed Arettoc the pandemonium lord
163633 | Zig:21   | Noticed Zuedoshri the pandemonium lord
163633 | Zig:21   | Noticed Araisad the pandemonium lord
163633 | Zig:21   | Noticed Kacoeh the pandemonium lord
163633 | Zig:21   | Paralysed by a floating eye for 2 turns
163634 | Zig:21   | Noticed Nastri the pandemonium lord
163640 | Zig:21   | Noticed Jaj Fef the pandemonium lord
163641 | Zig:21   | Killed Emuxoz the pandemonium lord
163642 | Zig:21   | Noticed Qoocut the pandemonium lord
163642 | Zig:21   | Killed Lirub the pandemonium lord
163643 | Zig:21   | Noticed Mag Dowu the pandemonium lord
163643 | Zig:21   | Noticed Vaseceiso the pandemonium lord
163645 | Zig:21   | Noticed Agufeth the pandemonium lord
163654 | Zig:21   | Noticed Pogu the pandemonium lord
163661 | Zig:21   | Killed Kacoeh the pandemonium lord
163663 | Zig:21   | Killed Edghud the pandemonium lord
163666 | Zig:21   | Killed Arettoc the pandemonium lord
163667 | Zig:21   | Killed Gytar the pandemonium lord
163669 | Zig:21   | Noticed Ditzirij the pandemonium lord
163673 | Zig:21   | Killed Zemofuad the pandemonium lord
163676 | Zig:21   | Killed Mag Dowu the pandemonium lord
163678 | Zig:21   | Killed Paddaiv the pandemonium lord
163682 | Zig:21   | Killed Araisad the pandemonium lord
163682 | Zig:21   | Reached skill level 27 in Short Blades
163682 | Zig:21   | Killed Nastri the pandemonium lord
163689 | Zig:21   | Killed Agufeth the pandemonium lord
163690 | Zig:21   | Killed Qoocut the pandemonium lord
163690 | Zig:21   | Cast into level 5 of the Abyss (Fygiyg)
163690 | Abyss:5  | Entered Level 5 of the Abyss
163840 | Zig:21   | Escaped the Abyss
163873 | Zig:21   | Cast into level 5 of the Abyss (Fygiyg)
163873 | Abyss:5  | Entered Level 5 of the Abyss
164083 | Zig:21   | Escaped the Abyss
164089 | Zig:21   | Killed Jaj Fef the pandemonium lord
164099 | Zig:21   | Killed Pogu the pandemonium lord
164102 | Zig:21   | Killed Urchayk the pandemonium lord
164104 | Zig:21   | Noticed a juggernaut
164104 | Zig:21   | an iron giant changed into a juggernaut
164111 | Zig:21   | Killed Vaseceiso the pandemonium lord
164113 | Zig:21   | Cast into level 4 of the Abyss (Ditzirij)
164224 | Abyss:4  | Got a scorched helmet
164225 | Abyss:4  | Identified the +1 helmet "Bioxax" {-Tele rElec rPois Str+4} (You found it on level 4 of the Abyss)
164232 | Abyss:4  | Identified the Compendium of Feathers and the Compass
164268 | Abyss:5  | Entered Level 5 of the Abyss
164310 | Zig:21   | Escaped the Abyss
164317 | Zig:21   | Killed a juggernaut
164320 | Zig:21   | Killed Zuedoshri the pandemonium lord
164326 | Zig:21   | Killed Fygiyg the pandemonium lord
164335 | Zig:21   | Killed Ditzirij the pandemonium lord
164361 | Zig:21   | Identified the +1 pair of gloves "Pixtunio" {rPois rF+++ rC- rN++} (You found it on level 21 of a ziggurat)
164363 | Zig:21   | Identified the +4 plate armour of Afun {Int+4} (You found it on level 21 of a ziggurat)
164412 | Zig:22   | Entered Level 22 of a ziggurat
164424 | Zig:22   | Noticed Juligiub the pandemonium lord
164426 | Zig:22   | Noticed Gydan the pandemonium lord
164429 | Zig:22   | Noticed Yfenaol the pandemonium lord
164430 | Zig:22   | Noticed Deung the pandemonium lord
164438 | Zig:22   | Noticed Qiust the pandemonium lord
164439 | Zig:22   | Killed Juligiub the pandemonium lord
164440 | Zig:22   | Noticed Agaeh the pandemonium lord
164441 | Zig:22   | Noticed Odoutzui the pandemonium lord
164441 | Zig:22   | Noticed Veh Vuaf the pandemonium lord
164441 | Zig:22   | Noticed Wopligg the pandemonium lord
164441 | Zig:22   | Noticed Niwnitu the pandemonium lord
164441 | Zig:22   | Noticed Loosyts the pandemonium lord
164441 | Zig:22   | Noticed Enuby the pandemonium lord
164442 | Zig:22   | Noticed Tielah the pandemonium lord
164443 | Zig:22   | Noticed Viasi the pandemonium lord
164443 | Zig:22   | Noticed Vusse the pandemonium lord
164444 | Zig:22   | Noticed Nein the pandemonium lord
164445 | Zig:22   | Noticed Aschier the pandemonium lord
164449 | Zig:22   | Killed Odoutzui the pandemonium lord
164452 | Zig:22   | Killed Agaeh the pandemonium lord
164453 | Zig:22   | Noticed Faamuit the pandemonium lord
164453 | Zig:22   | Noticed Kaevethe the pandemonium lord
164455 | Zig:22   | Noticed Qacak the pandemonium lord
164456 | Zig:22   | Noticed Byuclul the pandemonium lord
164457 | Zig:22   | Noticed Qufueren the pandemonium lord
164458 | Zig:22   | Killed Deung the pandemonium lord
164459 | Zig:22   | Killed Veh Vuaf the pandemonium lord
164460 | Zig:22   | Noticed Tellemui the pandemonium lord
164460 | Zig:22   | Killed Enuby the pandemonium lord
164461 | Zig:22   | Killed Loosyts the pandemonium lord
164463 | Zig:22   | Noticed Meqix the pandemonium lord
164466 | Zig:22   | Noticed Ticwumapt the pandemonium lord
164467 | Zig:22   | Noticed Jiofymoc the pandemonium lord
164467 | Zig:22   | Killed Niwnitu the pandemonium lord
164468 | Zig:22   | Noticed Delyarol the pandemonium lord
164468 | Zig:22   | Killed Gydan the pandemonium lord
164468 | Zig:22   | Killed Yfenaol the pandemonium lord
164471 | Zig:22   | Killed Wopligg the pandemonium lord
164472 | Zig:22   | Killed Viasi the pandemonium lord
164474 | Zig:22   | Noticed Nabaqur the pandemonium lord
164474 | Zig:22   | Killed Aschier the pandemonium lord
164476 | Zig:22   | Noticed Utruett the pandemonium lord
164476 | Zig:22   | Noticed Dunuz the pandemonium lord
164477 | Zig:22   | Noticed Guthru the pandemonium lord
164489 | Zig:22   | Killed Qiust the pandemonium lord
164500 | Zig:22   | Killed Tielah the pandemonium lord
164502 | Zig:22   | Killed Faamuit the pandemonium lord
164510 | Zig:22   | Killed Utruett the pandemonium lord
164513 | Zig:22   | Killed Tellemui the pandemonium lord
164516 | Zig:22   | Killed Kaevethe the pandemonium lord
164519 | Zig:22   | Killed Byuclul the pandemonium lord
164521 | Zig:22   | Killed Meqix the pandemonium lord
164522 | Zig:22   | Killed Qacak the pandemonium lord
164528 | Zig:22   | Killed Jiofymoc the pandemonium lord
164533 | Zig:22   | Killed Nein the pandemonium lord
164544 | Zig:22   | Killed Delyarol the pandemonium lord
164551 | Zig:22   | Killed Dunuz the pandemonium lord
164554 | Zig:22   | Cast into level 5 of the Abyss (Guthru)
164554 | Abyss:5  | Entered Level 5 of the Abyss
164652 | Zig:22   | Escaped the Abyss
164662 | Zig:22   | Killed Ticwumapt the pandemonium lord
164666 | Zig:22   | Killed Guthru the pandemonium lord
164671 | Zig:22   | Killed Vusse the pandemonium lord
164673 | Zig:22   | Killed Nabaqur the pandemonium lord
164674 | Zig:22   | Killed Qufueren the pandemonium lord
164775 | Zig:22   | Lost mutation: You possess an exceptional clarity of mind. [potion of mutation]
164775 | Zig:22   | Lost mutation: You have a pair of small antennae on your head. [potion of mutation]
164775 | Zig:22   | Gained mutation: You tend to lose your temper in combat. [potion of mutation]
164775 | Zig:22   | Gained mutation: You are surrounded by a mild repulsion field. (EV +2) [potion of mutation]
164775 | Zig:22   | Gained mutation: Your muscles are strong. (Str +2) [potion of mutation]
164776 | Zig:22   | Lost mutation: You have sharp toenails. [potion of mutation]
164776 | Zig:22   | Lost mutation: You are surrounded by a mild repulsion field. (EV +2) [potion of mutation]
164776 | Zig:22   | Lost mutation: Your movements are slightly less encumbered by armour. (ER -2) [potion of mutation]
164776 | Zig:22   | Lost mutation: You tend to lose your temper in combat. [potion of mutation]
164776 | Zig:22   | Gained mutation: Your movements are slightly less encumbered by armour. (ER -2) [potion of mutation]
164776 | Zig:22   | Gained mutation: You are agile. (Dex +2) [potion of mutation]
164777 | Zig:22   | Lost mutation: You are agile. (Dex +2) [potion of mutation]
164777 | Zig:22   | Lost mutation: Your movements are slightly less encumbered by armour. (ER -2) [potion of mutation]
164777 | Zig:22   | Lost mutation: Your muscles are strong. (Str +2) [potion of mutation]
164777 | Zig:22   | Lost mutation: You have a beak for a mouth. [potion of mutation]
164777 | Zig:22   | Gained mutation: You are weak. (Str -2) [potion of mutation]
164777 | Zig:22   | Gained mutation: Your flesh is heat resistant. (rF+) [potion of mutation]
164778 | Zig:22   | Lost mutation: You are weak. (Str -2) [potion of mutation]
164778 | Zig:22   | Lost mutation: Your flesh is heat resistant. (rF+) [potion of mutation]
164778 | Zig:22   | Gained mutation: Armour fits poorly on your strangely shaped body. [potion of mutation]
164778 | Zig:22   | Gained mutation: Your spells are a little harder to cast, but a little more powerful. [potion of mutation]
164778 | Zig:22   | Gained mutation: You have a pair of small horns on your head. [potion of mutation]
164778 | Zig:22   | Gained mutation: You are robust. (+10% HP) [potion of mutation]
164779 | Zig:22   | Lost mutation: Armour fits poorly on your strangely shaped body. [potion of mutation]
164779 | Zig:22   | Lost mutation: Your spells are a little harder to cast, but a little more powerful. [potion of mutation]
164779 | Zig:22   | Gained mutation: You have a pair of horns on your head. [potion of mutation]
164807 | Zig:23   | Entered Level 23 of a ziggurat
164820 | Zig:23   | Reached skill level 1 in Staves
164836 | Zig:23   | Paralysed by accursed screaming for 2 turns
164847 | Zig:23   | Reached skill level 5 in Staves
164855 | Zig:23   | Paralysed by accursed screaming for 2 turns
164873 | Zig:23   | Paralysed by accursed screaming for 2 turns
164897 | Zig:23   | Reached skill level 10 in Staves
164899 | Zig:23   | Paralysed by accursed screaming for 2 turns
164922 | Zig:23   | Paralysed by accursed screaming for 2 turns
164932 | Zig:23   | Paralysed by accursed screaming for 2 turns
164943 | Zig:23   | Paralysed by accursed screaming for 2 turns
164956 | Zig:23   | Paralysed by accursed screaming for 2 turns
164969 | Zig:23   | Paralysed by accursed screaming for 2 turns
164989 | Zig:23   | Paralysed by accursed screaming for 2 turns
165093 | Zig:23   | Identified the Incunabulum of Poison and Augmentations
165167 | Zig:24   | Entered Level 24 of a ziggurat
165186 | Zig:24   | Reached skill level 1 in Throwing
165224 | Zig:24   | Reached skill level 5 in Throwing
165393 | Zig:24   | Identified the Reference Book on the Compass and the Oath
165396 | Zig:24   | Got a warped bardiche
165400 | Zig:24   | Identified the +6 bardiche of Osehuq {freeze, Dex+5} (You found it on level 24 of a ziggurat)
165436 | Zig:24   | Identified the Grimoire of the Unholy Frostbite
165439 | Zig:25   | Entered Level 25 of a ziggurat
165482 | Zig:25   | Reached skill level 27 in Evocations
165486 | Zig:25   | Reached skill level 10 in Throwing
165513 | Zig:25   | Got a slimy bone ring
165526 | Zig:25   | Got a vibrating granite ring
165555 | Zig:25   | Identified the ring "Amoezxo" {rC+ rN+ Str-4 Int+8} (You found it on level 25 of a ziggurat)
165556 | Zig:25   | Identified the ring of Vosaskiom {rElec rPois rC+ MR+ Slay-5} (You found it on level 25 of a ziggurat)
165647 | Zig:26   | Entered Level 26 of a ziggurat
165762 | Zig:26   | Reached skill level 15 in Throwing
165763 | Zig:26   | Reached skill level 27 in Invocations
165824 | Zig:26   | Got a scorched lead amulet
165826 | Zig:26   | Got a glittering wooden ring
165836 | Zig:26   | Identified the amulet "Uxorunk" {+Rage rF+} (You found it on level 26 of a ziggurat)
165837 | Zig:26   | Identified the ring of Zete {rPois Str+2} (You found it on level 26 of a ziggurat)
165841 | Zig:27   | Entered Level 27 of a ziggurat
166031 | Zig:27   | Got a pitted sapphire amulet
166032 | Zig:27   | Identified the amulet of Savowaeq {Harm *Drain *Slow rN++ Slay+2} (You found it on level 27 of a ziggurat)
166061 | Zig:1    | Entered Level 1 of a ziggurat
166083 | Zig:2    | Entered Level 2 of a ziggurat
166103 | Zig:2    | Got a ring of the Octopus King
166117 | Zig:3    | Entered Level 3 of a ziggurat
166157 | Zig:4    | Entered Level 4 of a ziggurat
166160 | Zig:4    | Noticed Iring the pandemonium lord
166175 | Zig:4    | Killed Iring the pandemonium lord
166229 | Zig:5    | Entered Level 5 of a ziggurat
166243 | Zig:5    | Paralysed by a floating eye for 2 turns
166297 | Zig:6    | Entered Level 6 of a ziggurat
166301 | Zig:6    | Noticed an ancient lich
166302 | Zig:6    | Noticed an ancient lich
166312 | Zig:6    | Killed an ancient lich
166317 | Zig:6    | Killed an ancient lich
166354 | Zig:7    | Entered Level 7 of a ziggurat
166482 | Zig:8    | Entered Level 8 of a ziggurat
166628 | Zig:9    | Entered Level 9 of a ziggurat
166773 | Zig:9    | Got a vibrating marble ring
166792 | Zig:9    | Identified the ring of Tyeclo {Str+3 Int+4} (You found it on level 9 of a ziggurat)
166796 | Zig:10   | Entered Level 10 of a ziggurat
166801 | Zig:10   | Noticed a greater mummy
166801 | Zig:10   | Noticed a greater mummy
166802 | Zig:10   | Noticed a greater mummy
166802 | Zig:10   | Noticed a greater mummy
166802 | Zig:10   | Noticed a greater mummy
166824 | Zig:10   | Killed a greater mummy
166855 | Zig:10   | Killed a greater mummy
166892 | Zig:10   | Killed a greater mummy
166919 | Zig:10   | Killed a greater mummy
166927 | Zig:10   | Killed a greater mummy
166993 | Zig:10   | Identified the cursed +0 helmet of Protective Custody {Slay+2} (You found it on level 10 of a ziggurat)
167003 | Zig:11   | Entered Level 11 of a ziggurat
167008 | Zig:11   | Noticed a juggernaut
167016 | Zig:11   | Noticed a juggernaut
167022 | Zig:11   | Killed a juggernaut
167046 | Zig:11   | Killed a juggernaut
167137 | Zig:11   | Identified the cursed -6 pair of boots of Raaqag {-Tele rN++ Slay+3} (You found it on level 11 of a ziggurat)
167171 | Zig:12   | Entered Level 12 of a ziggurat
167321 | Zig:13   | Entered Level 13 of a ziggurat
167358 | Zig:13   | Reached skill level 27 in Throwing
167366 | Zig:13   | Reached skill level 1 in Polearms
167423 | Zig:14   | Entered Level 14 of a ziggurat
167463 | Zig:14   | Reached skill level 5 in Poison Magic
167683 | Zig:15   | Entered Level 15 of a ziggurat
167689 | Zig:15   | Noticed Logaatze the pandemonium lord
167690 | Zig:15   | Noticed Mul Rerch the pandemonium lord
167690 | Zig:15   | Noticed Repicueti the pandemonium lord
167691 | Zig:15   | Noticed Zome the pandemonium lord
167694 | Zig:15   | Noticed Huor Gatru the pandemonium lord
167698 | Zig:15   | Noticed Pofam the pandemonium lord
167698 | Zig:15   | Killed Logaatze the pandemonium lord
167699 | Zig:15   | Noticed Ekaysufo the pandemonium lord
167700 | Zig:15   | Noticed Ruepi the pandemonium lord
167702 | Zig:15   | Noticed Ilipa the pandemonium lord
167702 | Zig:15   | Noticed Xesav the pandemonium lord
167704 | Zig:15   | Noticed Ipaisch the pandemonium lord
167704 | Zig:15   | Killed Zome the pandemonium lord
167705 | Zig:15   | Noticed Xinaximm the pandemonium lord
167705 | Zig:15   | Killed Repicueti the pandemonium lord
167706 | Zig:15   | Noticed Sal Jadd the pandemonium lord
167706 | Zig:15   | Noticed Acownoahu the pandemonium lord
167706 | Zig:15   | Killed Mul Rerch the pandemonium lord
167706 | Zig:15   | Reached skill level 5 in Polearms
167710 | Zig:15   | Paralysed by Ruepi for 5 turns
167712 | Zig:15   | Noticed Veuppymm the pandemonium lord
167713 | Zig:15   | Noticed Asaotev the pandemonium lord
167718 | Zig:15   | Noticed Ishi the pandemonium lord
167719 | Zig:15   | Paralysed by a floating eye for 3 turns
167723 | Zig:15   | Noticed Poclotsu the pandemonium lord
167724 | Zig:15   | Noticed Kogaggec the pandemonium lord
167727 | Zig:15   | Noticed Vedu the pandemonium lord
167728 | Zig:15   | Killed Ruepi the pandemonium lord
167728 | Zig:15   | Paralysed by a floating eye for 2 turns
167736 | Zig:15   | Killed Pofam the pandemonium lord
167737 | Zig:15   | Killed Xinaximm the pandemonium lord
167739 | Zig:15   | Killed Huor Gatru the pandemonium lord
167741 | Zig:15   | Paralysed by a floating eye for 3 turns
167743 | Zig:15   | Killed Xesav the pandemonium lord
167746 | Zig:15   | Killed Ipaisch the pandemonium lord
167747 | Zig:15   | Killed Sal Jadd the pandemonium lord
167747 | Zig:15   | Killed Acownoahu the pandemonium lord
167748 | Zig:15   | Killed Kogaggec the pandemonium lord
167750 | Zig:15   | Killed Veuppymm the pandemonium lord
167751 | Zig:15   | Killed Ilipa the pandemonium lord
167752 | Zig:15   | Killed Ishi the pandemonium lord
167752 | Zig:15   | Killed Asaotev the pandemonium lord
167752 | Zig:15   | Reached skill level 15 in Staves
167766 | Zig:15   | Killed Poclotsu the pandemonium lord
167772 | Zig:15   | Killed Vedu the pandemonium lord
167786 | Zig:15   | Killed Ekaysufo the pandemonium lord
167952 | Zig:16   | Entered Level 16 of a ziggurat
168152 | Zig:17   | Entered Level 17 of a ziggurat
168158 | Zig:17   | Noticed a juggernaut
168161 | Zig:17   | Noticed a juggernaut
168162 | Zig:17   | Noticed a juggernaut
168162 | Zig:17   | Noticed a juggernaut
168165 | Zig:17   | Killed a juggernaut
168166 | Zig:17   | Noticed a juggernaut
168170 | Zig:17   | Noticed a juggernaut
168172 | Zig:17   | Noticed a juggernaut
168172 | Zig:17   | Killed a juggernaut
168178 | Zig:17   | Killed a juggernaut
168181 | Zig:17   | Killed a juggernaut
168183 | Zig:17   | Noticed a juggernaut
168183 | Zig:17   | Killed a juggernaut
168184 | Zig:17   | Reached skill level 15 in Fire Magic
168185 | Zig:17   | Noticed a juggernaut
168185 | Zig:17   | Killed a juggernaut
168185 | Zig:17   | Reached skill level 10 in Hexes
168187 | Zig:17   | Noticed a juggernaut
168192 | Zig:17   | Killed a juggernaut
168196 | Zig:17   | Killed a juggernaut
168197 | Zig:17   | Killed a juggernaut
168201 | Zig:17   | Killed a juggernaut
168257 | Zig:17   | Identified Basoify's Tome of Flight and Venom
168267 | Zig:17   | Got a crude golden ring
168269 | Zig:17   | Identified the ring "Boaclaof" {+Blink rPois rF+ Str+5 Slay-4} (You found it on level 17 of a ziggurat)
168279 | Zig:18   | Entered Level 18 of a ziggurat
168303 | Zig:18   | Reached skill level 10 in Polearms
168311 | Zig:18   | Reached skill level 27 in Summonings
168455 | Zig:18   | Got a crude amber ring
168456 | Zig:18   | Identified the cursed ring of Facuoq {rPois AC-3 Dex-2 Slay+5} (You found it on level 18 of a ziggurat)
168485 | Zig:18   | Identified the Guide on the Compass
168490 | Zig:18   | Identified the Catalogue of Flames
168535 | Zig:19   | Entered Level 19 of a ziggurat
168557 | Zig:19   | Reached skill level 10 in Poison Magic
168712 | Zig:19   | Identified the Collected Works on Dusty Stolen Souls
168717 | Zig:19   | Got a brightly glowing granite ring
168733 | Zig:19   | Identified the ring "Tyduwob" {-Tele rPois rN+ Int+3 SInv} (You found it on level 19 of a ziggurat)
168773 | Zig:20   | Entered Level 20 of a ziggurat
168901 | Zig:20   | Got a coiled silver ring
168903 | Zig:20   | Identified the ring "Pukiz" {rCorr +Blink rPois} (You found it on level 20 of a ziggurat)
168904 | Zig:20   | Identified the ring "Saffien" {rN++ EV+5} (You found it on level 20 of a ziggurat)
168920 | Zig:21   | Entered Level 21 of a ziggurat
168955 | Zig:21   | Paralysed by a floating eye for 4 turns
169040 | Zig:21   | Got a smoking lapis lazuli ring
169047 | Zig:21   | Identified the ring "Utwapnath" {Dex+5 Stlth-} (You found it on level 21 of a ziggurat)
169056 | Zig:21   | Got a scorched platinum ring
169057 | Zig:21   | Identified the ring of the Yeti {rElec rN+ Int-5 Dex+6 SInv} (You found it on level 21 of a ziggurat)
169062 | Zig:21   | Got a crude pewter ring
169064 | Zig:21   | Got a steaming brass amulet
169070 | Zig:21   | Identified the ring "Qygeit" {Fire +Fly MR+ Str+3 Int+2} (You found it on level 21 of a ziggurat)
169075 | Zig:21   | Identified the amulet "Wyve Buask" {rPois MR- Regen+ Int+2} (You found it on level 21 of a ziggurat)
169100 | Zig:22   | Entered Level 22 of a ziggurat
169129 | Zig:22   | Paralysed by accursed screaming for 1 turns
169143 | Zig:22   | Paralysed by accursed screaming for 2 turns
169156 | Zig:22   | Paralysed by accursed screaming for 2 turns
169167 | Zig:22   | Paralysed by accursed screaming for 2 turns
169172 | Zig:22   | Reached skill level 27 in Crossbows
169202 | Zig:22   | Paralysed by accursed screaming for 2 turns
169239 | Zig:22   | Reached skill level 15 in Air Magic
169247 | Zig:22   | Paralysed by accursed screaming for 2 turns
169258 | Zig:22   | Paralysed by accursed screaming for 2 turns
169265 | Zig:22   | Lost intelligence.
169301 | Zig:22   | Cast into level 5 of the Abyss (a distortion unwield)
169301 | Abyss:5  | Entered Level 5 of the Abyss
169317 | Abyss:5  | Found a deep blue altar of Sif Muna.
169344 | Abyss:5  | Gained mutation: Your flesh is heat resistant. (rF+) [mutagenic glow]
169492 | Abyss:5  | Paralysed by accursed screaming for 2 turns
169501 | Abyss:5  | Paralysed by accursed screaming for 2 turns
169677 | Abyss:5  | Paralysed by accursed screaming for 1 turns
169687 | Abyss:5  | Paralysed by accursed screaming for 1 turns
169692 | Abyss:5  | Paralysed by accursed screaming for 1 turns
169746 | Abyss:5  | Paralysed by accursed screaming for 1 turns
169756 | Abyss:5  | Paralysed by accursed screaming for 2 turns
169768 | Abyss:5  | Paralysed by accursed screaming for 2 turns
170269 | Abyss:5  | Paralysed by accursed screaming for 2 turns
170279 | Abyss:5  | Paralysed by accursed screaming for 1 turns
170671 | Abyss:5  | Found a hide-covered altar of Uskayaw.
171111 | Zig:22   | Escaped the Abyss
171169 | Zig:22   | Identified the Incunabulum of Venomous Evil
171174 | Zig:23   | Entered Level 23 of a ziggurat
171251 | Zig:23   | Reached skill level 15 in Hexes
171347 | Zig:23   | Got a fine tin ring
171373 | Zig:23   | Got a faintly glowing ivory ring
171375 | Zig:23   | Identified the ring "Reebac" {rCorr rPois rF+ Str+3 Dex+2} (You found it on level 23 of a ziggurat)
171377 | Zig:23   | Identified the ring of Yxu Ego {MR+ Int+6 Dex+4} (You found it on level 23 of a ziggurat)
171425 | Zig:24   | Entered Level 24 of a ziggurat
171452 | Zig:24   | Noticed an ancient lich
171472 | Zig:24   | Noticed an ancient lich
171472 | Zig:24   | Killed an ancient lich
171475 | Zig:24   | Noticed an ancient lich
171484 | Zig:24   | Noticed an ancient lich
171484 | Zig:24   | Noticed an ancient lich
171499 | Zig:24   | Reached skill level 15 in Poison Magic
171505 | Zig:24   | Killed an ancient lich
171509 | Zig:24   | Killed an ancient lich
171511 | Zig:24   | Killed an ancient lich
171516 | Zig:24   | Noticed an ancient lich
171523 | Zig:24   | Killed an ancient lich
171541 | Zig:24   | Noticed an ancient lich
171546 | Zig:24   | Noticed an ancient lich
171547 | Zig:24   | Killed an ancient lich
171613 | Zig:24   | Killed an ancient lich
171630 | Zig:24   | Killed an ancient lich
171686 | Zig:24   | Got a pitted wooden ring
171691 | Zig:24   | Got a crude golden ring
171699 | Zig:24   | Got a smoking triple crossbow
171700 | Zig:24   | Identified the +7 triple crossbow of Wounding {elec, rC+ Int+3} (You found it on level 24 of a ziggurat)
171724 | Zig:24   | Identified the ring of Juforras {Ice Str+4 Dex+3} (You found it on level 24 of a ziggurat)
171727 | Zig:24   | Identified the ring of Noon {+Fly rF++} (You found it on level 24 of a ziggurat)
171729 | Zig:25   | Entered Level 25 of a ziggurat
171741 | Zig:25   | Noticed a greater mummy
171745 | Zig:25   | Noticed a greater mummy
171748 | Zig:25   | Noticed a greater mummy
171750 | Zig:25   | Killed a greater mummy
171753 | Zig:25   | Noticed a greater mummy
171754 | Zig:25   | Noticed a greater mummy
171756 | Zig:25   | Noticed a greater mummy
171764 | Zig:25   | Noticed a greater mummy
171764 | Zig:25   | Killed a greater mummy
171765 | Zig:25   | Noticed a greater mummy
171765 | Zig:25   | Noticed a greater mummy
171765 | Zig:25   | Noticed a greater mummy
171765 | Zig:25   | Noticed a greater mummy
171766 | Zig:25   | Killed a greater mummy
171767 | Zig:25   | Noticed a greater mummy
171768 | Zig:25   | Noticed a greater mummy
171768 | Zig:25   | Noticed a greater mummy
171768 | Zig:25   | Killed a greater mummy
171768 | Zig:25   | Killed a greater mummy
171768 | Zig:25   | Killed a greater mummy
171770 | Zig:25   | Noticed a greater mummy
171770 | Zig:25   | Noticed a greater mummy
171770 | Zig:25   | Noticed a greater mummy
171770 | Zig:25   | Killed a greater mummy
171770 | Zig:25   | Killed a greater mummy
171771 | Zig:25   | Killed a greater mummy
171772 | Zig:25   | Noticed a greater mummy
171774 | Zig:25   | Noticed a greater mummy
171774 | Zig:25   | Noticed a greater mummy
171774 | Zig:25   | Killed a greater mummy
171779 | Zig:25   | Killed a greater mummy
171780 | Zig:25   | Killed a greater mummy
171783 | Zig:25   | Killed a greater mummy
171790 | Zig:25   | Killed a greater mummy
171794 | Zig:25   | Killed a greater mummy
171795 | Zig:25   | Noticed a greater mummy
171801 | Zig:25   | Noticed a greater mummy
171801 | Zig:25   | Noticed a greater mummy
171803 | Zig:25   | Noticed a greater mummy
171804 | Zig:25   | Killed a greater mummy
171806 | Zig:25   | Noticed a greater mummy
171808 | Zig:25   | Noticed a greater mummy
171811 | Zig:25   | Killed a greater mummy
171812 | Zig:25   | Killed a greater mummy
171813 | Zig:25   | Noticed a greater mummy
171813 | Zig:25   | Killed a greater mummy
171814 | Zig:25   | Noticed a greater mummy
171817 | Zig:25   | Killed a greater mummy
171822 | Zig:25   | Killed a greater mummy
171823 | Zig:25   | Killed a greater mummy
171823 | Zig:25   | Killed a greater mummy
171823 | Zig:25   | Killed a greater mummy
171823 | Zig:25   | Killed a greater mummy
171828 | Zig:25   | Killed a greater mummy
171831 | Zig:25   | Killed a greater mummy
171852 | Zig:25   | Killed a greater mummy
172075 | Zig:26   | Entered Level 26 of a ziggurat
172317 | Zig:26   | Got a heavily runed glass ring
172327 | Zig:26   | Got a pair of spiked boots
172338 | Zig:26   | Identified the +1 pair of boots "Duopp" {*Drain +Blink Regen+} (You found it on level 26 of a ziggurat)
172395 | Zig:26   | Identified the ring of Qudetif {*Tele rPois Int+4 Dex+4 Stlth+} (You found it on level 26 of a ziggurat)
172398 | Zig:27   | Entered Level 27 of a ziggurat
172488 | Zig:27   | Reached skill level 27 in Translocations
172627 | Zig:27   | Got a flickering iron ring
172638 | Zig:27   | Got a sparkling golden ring
172657 | Zig:27   | Identified Diod Goi's Guide on Evil Flight
172666 | Zig:27   | Learned a level 6 spell: Statue Form
172675 | Zig:27   | Identified the ring "Vufocede" {+Fly rC+ Int+3} (You found it on level 27 of a ziggurat)
172678 | Zig:27   | Identified the ring "Pich" {Wiz *Slow MR+ Str+6} (You found it on level 27 of a ziggurat)
172725 | Zig:1    | Entered Level 1 of a ziggurat
172729 | Zig:1    | Reached skill level 1 in Earth Magic
172749 | Zig:2    | Entered Level 2 of a ziggurat
172750 | Zig:2    | Noticed Kamuaz the pandemonium lord
172757 | Zig:2    | Paralysed by a floating eye for 2 turns
172760 | Zig:2    | Reached skill level 5 in Earth Magic
172768 | Zig:2    | Killed Kamuaz the pandemonium lord
172790 | Zig:3    | Entered Level 3 of a ziggurat
172837 | Zig:3    | Reached skill level 10 in Earth Magic
172870 | Zig:4    | Entered Level 4 of a ziggurat
172872 | Zig:4    | Noticed Cenaeddo the pandemonium lord
172882 | Zig:4    | Cast into level 5 of the Abyss (Cenaeddo)
172882 | Abyss:5  | Entered Level 5 of the Abyss
172882 | Abyss:5  | Found a corrupted altar of Lugonu.
172909 | Zig:4    | Escaped the Abyss
172921 | Zig:4    | Killed Cenaeddo the pandemonium lord
172927 | Zig:4    | Paralysed by you for 2 turns
172960 | Zig:4    | Got scorched shadow dragon scales
172973 | Zig:4    | Identified the +1 shadow dragon scales "Gefoucy" {rF+ Str+4 Stlth++++} (You acquired it on level 4 of a ziggurat)
172987 | Zig:5    | Entered Level 5 of a ziggurat
173005 | Zig:5    | Reached skill level 15 in Earth Magic
173050 | Zig:6    | Entered Level 6 of a ziggurat
173125 | Zig:7    | Entered Level 7 of a ziggurat
173134 | Zig:7    | Paralysed by accursed screaming for 2 turns
173145 | Zig:7    | Paralysed by accursed screaming for 2 turns
173163 | Zig:7    | Paralysed by accursed screaming for 2 turns
173187 | Zig:7    | Paralysed by accursed screaming for 2 turns
173202 | Zig:7    | Paralysed by accursed screaming for 2 turns
173297 | Zig:8    | Entered Level 8 of a ziggurat
173299 | Zig:8    | Noticed a greater mummy
173305 | Zig:8    | Noticed a greater mummy
173309 | Zig:8    | Noticed a greater mummy
173309 | Zig:8    | Noticed a greater mummy
173309 | Zig:8    | Killed a greater mummy
173318 | Zig:8    | Noticed a greater mummy
173319 | Zig:8    | Noticed a greater mummy
173320 | Zig:8    | Noticed a greater mummy
173342 | Zig:8    | Killed a greater mummy
173351 | Zig:8    | Killed a greater mummy
173359 | Zig:8    | Killed a greater mummy
173374 | Zig:8    | Killed a greater mummy
173390 | Zig:8    | Killed a greater mummy
173407 | Zig:8    | Killed a greater mummy
173475 | Zig:9    | Entered Level 9 of a ziggurat
173485 | Zig:9    | Noticed a juggernaut
173512 | Zig:9    | Killed a juggernaut
173624 | Zig:9    | Got a ring of the Octopus King
173648 | Zig:10   | Entered Level 10 of a ziggurat
173671 | Zig:10   | Noticed an ancient lich
173706 | Zig:10   | Killed an ancient lich
173779 | Zig:10   | Identified the Collected Works on the Dislocated Snowflakes
173801 | Zig:11   | Entered Level 11 of a ziggurat
173807 | Zig:11   | Noticed a greater mummy
173807 | Zig:11   | Noticed a greater mummy
173807 | Zig:11   | Noticed a greater mummy
173807 | Zig:11   | Noticed a greater mummy
173807 | Zig:11   | Noticed a greater mummy
173807 | Zig:11   | Noticed a greater mummy
173807 | Zig:11   | Noticed a greater mummy
173808 | Zig:11   | Killed a greater mummy
173808 | Zig:11   | Killed a greater mummy
173812 | Zig:11   | Noticed a greater mummy
173813 | Zig:11   | Noticed a greater mummy
173822 | Zig:11   | Killed a greater mummy
173825 | Zig:11   | Noticed a greater mummy
173835 | Zig:11   | Killed a greater mummy
173835 | Zig:11   | Reached skill level 27 in Earth Magic
173836 | Zig:11   | Killed a greater mummy
173837 | Zig:11   | Killed a greater mummy
173839 | Zig:11   | Killed a greater mummy
173844 | Zig:11   | Killed a greater mummy
173844 | Zig:11   | Killed a greater mummy
173856 | Zig:11   | Killed a greater mummy
173914 | Zig:11   | Got a heavily runed shield
173926 | Zig:12   | Entered Level 12 of a ziggurat
173933 | Zig:12   | Noticed an ancient lich
173934 | Zig:12   | Noticed an ancient lich
173934 | Zig:12   | Noticed an ancient lich
173935 | Zig:12   | Noticed an ancient lich
173936 | Zig:12   | Noticed an ancient lich
173936 | Zig:12   | Noticed an ancient lich
173937 | Zig:12   | Noticed an ancient lich
173946 | Zig:12   | Killed an ancient lich
173947 | Zig:12   | Killed an ancient lich
173947 | Zig:12   | Killed an ancient lich
173954 | Zig:12   | Killed an ancient lich
173956 | Zig:12   | Killed an ancient lich
173965 | Zig:12   | Killed an ancient lich
173967 | Zig:12   | Killed an ancient lich
174079 | Zig:13   | Entered Level 13 of a ziggurat
174085 | Zig:13   | Noticed Soruvap the pandemonium lord
174085 | Zig:13   | Noticed Soojirit the pandemonium lord
174085 | Zig:13   | Noticed Plog the pandemonium lord
174085 | Zig:13   | Noticed Akhloppie the pandemonium lord
174086 | Zig:13   | Noticed Amafonog the pandemonium lord
174087 | Zig:13   | Noticed Weurej the pandemonium lord
174087 | Zig:13   | Noticed Reunes the pandemonium lord
174087 | Zig:13   | Noticed Jahogitt the pandemonium lord
174092 | Zig:13   | Noticed Diytt the pandemonium lord
174093 | Zig:13   | Noticed Medwas the pandemonium lord
174098 | Zig:13   | Killed Soojirit the pandemonium lord
174108 | Zig:13   | Noticed Tirresof the pandemonium lord
174110 | Zig:13   | Noticed Ucruy the pandemonium lord
174112 | Zig:13   | Killed Amafonog the pandemonium lord
174114 | Zig:13   | Noticed Baomosal the pandemonium lord
174114 | Zig:13   | Killed Jahogitt the pandemonium lord
174115 | Zig:13   | Killed Soruvap the pandemonium lord
174118 | Zig:13   | Noticed Yloriul the pandemonium lord
174120 | Zig:13   | Noticed Jura the pandemonium lord
174120 | Zig:13   | Noticed Pigg the pandemonium lord
174121 | Zig:13   | Noticed Cuat the pandemonium lord
174122 | Zig:13   | Noticed Ishraikhu the pandemonium lord
174123 | Zig:13   | Noticed Kupunn the pandemonium lord
174130 | Zig:13   | Noticed Gaot Luw the pandemonium lord
174131 | Zig:13   | Noticed Akonkeewo the pandemonium lord
174131 | Zig:13   | Noticed Coskiot the pandemonium lord
174132 | Zig:13   | Noticed Sutaemp the pandemonium lord
174133 | Zig:13   | Killed Baomosal the pandemonium lord
174133 | Zig:13   | Killed Jura the pandemonium lord
174139 | Zig:13   | Killed Reunes the pandemonium lord
174141 | Zig:13   | Killed Yloriul the pandemonium lord
174147 | Zig:13   | Killed Ucruy the pandemonium lord
174150 | Zig:13   | Killed Pigg the pandemonium lord
174155 | Zig:13   | Killed Diytt the pandemonium lord
174160 | Zig:13   | Killed Tirresof the pandemonium lord
174164 | Zig:13   | Killed Ishraikhu the pandemonium lord
174177 | Zig:13   | Killed Weurej the pandemonium lord
174180 | Zig:13   | Killed Kupunn the pandemonium lord
174181 | Zig:13   | Paralysed by a floating eye for 2 turns
174185 | Zig:13   | Killed Plog the pandemonium lord
174187 | Zig:13   | Killed Medwas the pandemonium lord
174196 | Zig:13   | Killed Akhloppie the pandemonium lord
174201 | Zig:13   | Killed Akonkeewo the pandemonium lord
174201 | Zig:13   | Killed Gaot Luw the pandemonium lord
174201 | Zig:13   | Killed Coskiot the pandemonium lord
174203 | Zig:13   | Killed Cuat the pandemonium lord
174214 | Zig:13   | Killed Sutaemp the pandemonium lord
174341 | Zig:14   | Entered Level 14 of a ziggurat
174354 | Zig:14   | Noticed Hajobom the pandemonium lord
174355 | Zig:14   | Noticed Eleramoa the pandemonium lord
174355 | Zig:14   | Noticed Suoshrag the pandemonium lord
174356 | Zig:14   | Noticed Ziut the pandemonium lord
174356 | Zig:14   | Noticed Ocousuf the pandemonium lord
174356 | Zig:14   | Noticed Masujoc the pandemonium lord
174357 | Zig:14   | Noticed Vecaxka the pandemonium lord
174358 | Zig:14   | Noticed Qimmaf the pandemonium lord
174358 | Zig:14   | Noticed Binukuwu the pandemonium lord
174361 | Zig:14   | Noticed Wyoroh the pandemonium lord
174361 | Zig:14   | Killed Hajobom the pandemonium lord
174368 | Zig:14   | Noticed Atsir the pandemonium lord
174370 | Zig:14   | Noticed Akeihim the pandemonium lord
174374 | Zig:14   | Killed Ocousuf the pandemonium lord
174380 | Zig:14   | Noticed Seath the pandemonium lord
174387 | Zig:14   | Killed Masujoc the pandemonium lord
174397 | Zig:14   | Killed Qimmaf the pandemonium lord
174400 | Zig:14   | Noticed Neman the pandemonium lord
174403 | Zig:14   | Killed Suoshrag the pandemonium lord
174410 | Zig:14   | Killed Akeihim the pandemonium lord
174416 | Zig:14   | Noticed Loinlyd the pandemonium lord
174416 | Zig:14   | Killed Binukuwu the pandemonium lord
174417 | Zig:14   | Killed Wyoroh the pandemonium lord
174419 | Zig:14   | Killed Atsir the pandemonium lord
174427 | Zig:14   | Noticed Kokh the pandemonium lord
174427 | Zig:14   | Killed Eleramoa the pandemonium lord
174436 | Zig:14   | Killed Neman the pandemonium lord
174442 | Zig:14   | Killed Loinlyd the pandemonium lord
174446 | Zig:14   | Killed Seath the pandemonium lord
174448 | Zig:14   | Killed Kokh the pandemonium lord
174476 | Zig:14   | Killed Vecaxka the pandemonium lord
174495 | Zig:14   | Killed Ziut the pandemonium lord
174520 | Zig:14   | Got a pitted ivory amulet
174543 | Zig:14   | Identified the amulet of Hamisusa {RegenMP +Fly rPois Int+4} (You found it on level 14 of a ziggurat)
174547 | Zig:14   | Got a heavily runed plate armour
174558 | Zig:14   | Identified the +7 plate armour of the Country {rElec Int-3 Stlth+} (You found it on level 14 of a ziggurat)
174594 | Zig:15   | Entered Level 15 of a ziggurat
174609 | Zig:15   | Noticed an ancient lich
174610 | Zig:15   | Noticed an ancient lich
174615 | Zig:15   | Noticed an ancient lich
174615 | Zig:15   | Killed an ancient lich
174618 | Zig:15   | Noticed an ancient lich
174618 | Zig:15   | Noticed an ancient lich
174619 | Zig:15   | Noticed an ancient lich
174622 | Zig:15   | Killed an ancient lich
174623 | Zig:15   | Noticed an ancient lich
174626 | Zig:15   | Killed an ancient lich
174630 | Zig:15   | Killed an ancient lich
174630 | Zig:15   | Killed an ancient lich
174635 | Zig:15   | Killed an ancient lich
174643 | Zig:15   | Killed an ancient lich
174722 | Zig:15   | Got a translucent iron ring
174736 | Zig:15   | Got a heavily runed lapis lazuli ring
174738 | Zig:15   | Got a clouded platinum ring
174740 | Zig:15   | Identified the ring of the Seer {rF+ rN+ Str+3} (You found it on level 15 of a ziggurat)
174743 | Zig:15   | Identified the cursed ring "Lasuwewui" {rPois rC+ MR- Dex-6 Slay+4} (You found it on level 15 of a ziggurat)
174747 | Zig:15   | Identified the ring of Niunuy {Fire Slay+2} (You found it on level 15 of a ziggurat)
174756 | Zig:15   | Got a vibrating turquoise ring
174765 | Zig:15   | Identified the ring of Xuneud {Ice +Inv} (You found it on level 15 of a ziggurat)
174775 | Zig:16   | Entered Level 16 of a ziggurat
174794 | Zig:16   | Noticed an ancient lich
174796 | Zig:16   | Noticed an ancient lich
174796 | Zig:16   | Noticed an ancient lich
174805 | Zig:16   | Noticed an ancient lich
174815 | Zig:16   | Killed an ancient lich
174822 | Zig:16   | Noticed an ancient lich
174824 | Zig:16   | Killed an ancient lich
174827 | Zig:16   | Noticed an ancient lich
174830 | Zig:16   | Killed an ancient lich
174833 | Zig:16   | Noticed an ancient lich
174838 | Zig:16   | Paralysed by a floating eye for 3 turns
174842 | Zig:16   | Killed an ancient lich
174860 | Zig:16   | Killed an ancient lich
174874 | Zig:16   | Killed an ancient lich
174874 | Zig:16   | Killed an ancient lich
174991 | Zig:17   | Entered Level 17 of a ziggurat
175189 | Zig:17   | Got a clouded copper ring
175197 | Zig:17   | Identified the Volume of Mutagenic Heat
175210 | Zig:17   | Identified the cursed ring of Dodasyud {-Tele rElec MR+ Dex-3} (You found it on level 17 of a ziggurat)
175226 | Zig:18   | Entered Level 18 of a ziggurat
175352 | Zig:18   | Identified the Papyrus of Feathery Shape Shifting
175432 | Zig:19   | Entered Level 19 of a ziggurat
175594 | Zig:19   | Got a transparent brass amulet
175597 | Zig:19   | Identified the Guide on Curses and Venom
175616 | Zig:19   | Got a scintillating sapphire amulet
175620 | Zig:19   | Got a twitching ivory ring
175635 | Zig:19   | Identified the amulet "Huits" {Faith Dex+3} (You found it on level 19 of a ziggurat)
175637 | Zig:19   | Identified the amulet "Empazaoti" {*Contam +Rage Str+2 Int+4} (You found it on level 19 of a ziggurat)
175639 | Zig:19   | Identified the ring "Lozaujis" {rC+ Int+4 Stlth-} (You found it on level 19 of a ziggurat)
175687 | Zig:20   | Entered Level 20 of a ziggurat
175701 | Zig:20   | Noticed a juggernaut
175702 | Zig:20   | Noticed a juggernaut
175702 | Zig:20   | Noticed a juggernaut
175704 | Zig:20   | Noticed a juggernaut
175704 | Zig:20   | Noticed a juggernaut
175705 | Zig:20   | Noticed a juggernaut
175707 | Zig:20   | Noticed a juggernaut
175709 | Zig:20   | Noticed a juggernaut
175710 | Zig:20   | Noticed a juggernaut
175713 | Zig:20   | Noticed a juggernaut
175716 | Zig:20   | Killed a juggernaut
175719 | Zig:20   | Noticed a juggernaut
175719 | Zig:20   | Reached skill level 27 in Conjurations
175721 | Zig:20   | Killed a juggernaut
175725 | Zig:20   | Killed a juggernaut
175726 | Zig:20   | Killed a juggernaut
175728 | Zig:20   | Killed a juggernaut
175729 | Zig:20   | Killed a juggernaut
175737 | Zig:20   | Killed a juggernaut
175737 | Zig:20   | Killed a juggernaut
175738 | Zig:20   | Killed a juggernaut
175745 | Zig:20   | Killed a juggernaut
175781 | Zig:20   | Killed a juggernaut
175940 | Zig:20   | Got a scintillating brass amulet
175942 | Zig:20   | Identified the Papyrus of Quantum Evil
175943 | Zig:20   | Identified the amulet of Lawor {Harm *Drain MR+ SInv Stlth-} (You found it on level 20 of a ziggurat)
175969 | Zig:21   | Entered Level 21 of a ziggurat
175977 | Zig:21   | Noticed Oli Kuex the pandemonium lord
175978 | Zig:21   | Noticed Jerimaen the pandemonium lord
175980 | Zig:21   | Noticed Wuokhlit the pandemonium lord
175981 | Zig:21   | Noticed Safae the pandemonium lord
175982 | Zig:21   | Noticed Duidaziv the pandemonium lord
175982 | Zig:21   | Noticed Malykerch the pandemonium lord
175982 | Zig:21   | Noticed Fatsosokk the pandemonium lord
175985 | Zig:21   | Noticed Unlisyt the pandemonium lord
175985 | Zig:21   | Noticed Joruew the pandemonium lord
175987 | Zig:21   | Noticed Xuweos the pandemonium lord
175987 | Zig:21   | Noticed Xewkod the pandemonium lord
175987 | Zig:21   | Noticed Upungog the pandemonium lord
175989 | Zig:21   | Noticed Foobluty the pandemonium lord
175990 | Zig:21   | Noticed Metaerph the pandemonium lord
175991 | Zig:21   | Noticed Lohuchej the pandemonium lord
175992 | Zig:21   | Noticed Leolonkishro the pandemonium lord
175995 | Zig:21   | Noticed Viuraol the pandemonium lord
175996 | Zig:21   | Killed Wuokhlit the pandemonium lord
175997 | Zig:21   | Noticed Gadicwac the pandemonium lord
176000 | Zig:21   | Killed Oli Kuex the pandemonium lord
176003 | Zig:21   | Noticed Rong the pandemonium lord
176010 | Zig:21   | Noticed Kilihous the pandemonium lord
176012 | Zig:21   | Noticed Vadu the pandemonium lord
176012 | Zig:21   | Noticed Vuubawot the pandemonium lord
176013 | Zig:21   | Noticed Myc Ikk the pandemonium lord
176013 | Zig:21   | Killed Safae the pandemonium lord
176015 | Zig:21   | Noticed Faluad Vosch the pandemonium lord
176015 | Zig:21   | Killed Jerimaen the pandemonium lord
176017 | Zig:21   | Killed Malykerch the pandemonium lord
176018 | Zig:21   | Killed Duidaziv the pandemonium lord
176019 | Zig:21   | Noticed Mioruwomm the pandemonium lord
176020 | Zig:21   | Killed Viuraol the pandemonium lord
176021 | Zig:21   | Killed Unlisyt the pandemonium lord
176022 | Zig:21   | Noticed Ugoaj the pandemonium lord
176025 | Zig:21   | Killed Foobluty the pandemonium lord
176026 | Zig:21   | Killed Metaerph the pandemonium lord
176028 | Zig:21   | Killed Lohuchej the pandemonium lord
176029 | Zig:21   | Noticed Cidolun the pandemonium lord
176029 | Zig:21   | Noticed Ibbess the pandemonium lord
176030 | Zig:21   | Killed Xewkod the pandemonium lord
176037 | Zig:21   | Killed Joruew the pandemonium lord
176038 | Zig:21   | Noticed Wuyps the pandemonium lord
176038 | Zig:21   | Noticed Ciaphouck the pandemonium lord
176038 | Zig:21   | Noticed Jaop the pandemonium lord
176038 | Zig:21   | Killed Rong the pandemonium lord
176041 | Zig:21   | Noticed Xuumas the pandemonium lord
176041 | Zig:21   | Killed Gadicwac the pandemonium lord
176042 | Zig:21   | Noticed Sotseurgh the pandemonium lord
176042 | Zig:21   | Killed Xuweos the pandemonium lord
176044 | Zig:21   | Killed Leolonkishro the pandemonium lord
176047 | Zig:21   | Killed Myc Ikk the pandemonium lord
176050 | Zig:21   | Noticed Edeneekk the pandemonium lord
176050 | Zig:21   | Killed Faluad Vosch the pandemonium lord
176054 | Zig:21   | Noticed Huostror the pandemonium lord
176055 | Zig:21   | Killed Cidolun the pandemonium lord
176056 | Zig:21   | Noticed Karoferr the pandemonium lord
176057 | Zig:21   | Killed Ugoaj the pandemonium lord
176060 | Zig:21   | Killed Mioruwomm the pandemonium lord
176060 | Zig:21   | Reached skill level 27 in Fire Magic
176065 | Zig:21   | Noticed Evoucoet the pandemonium lord
176066 | Zig:21   | Noticed Biodoph the pandemonium lord
176066 | Zig:21   | Noticed Moihur the pandemonium lord
176068 | Zig:21   | Noticed Litzipuy the pandemonium lord
176069 | Zig:21   | Killed Fatsosokk the pandemonium lord
176074 | Zig:21   | Killed Vuubawot the pandemonium lord
176077 | Zig:21   | Killed Kilihous the pandemonium lord
176078 | Zig:21   | Killed Jaop the pandemonium lord
176089 | Zig:21   | Paralysed by a floating eye for 3 turns
176098 | Zig:21   | Killed Sotseurgh the pandemonium lord
176101 | Zig:21   | Killed Edeneekk the pandemonium lord
176103 | Zig:21   | Killed Xuumas the pandemonium lord
176104 | Zig:21   | Killed Vadu the pandemonium lord
176107 | Zig:21   | Killed Ciaphouck the pandemonium lord
176107 | Zig:21   | Killed Litzipuy the pandemonium lord
176110 | Zig:21   | Killed Huostror the pandemonium lord
176111 | Zig:21   | Killed Evoucoet the pandemonium lord
176111 | Zig:21   | Killed Moihur the pandemonium lord
176132 | Zig:21   | Killed Upungog the pandemonium lord
176134 | Zig:21   | Killed Biodoph the pandemonium lord
176146 | Zig:21   | Killed Wuyps the pandemonium lord
176155 | Zig:21   | Killed Ibbess the pandemonium lord
176167 | Zig:21   | Killed Karoferr the pandemonium lord
176259 | Zig:22   | Entered Level 22 of a ziggurat
176269 | Zig:22   | Noticed a greater mummy
176269 | Zig:22   | Noticed a greater mummy
176270 | Zig:22   | Noticed a greater mummy
176272 | Zig:22   | Noticed a greater mummy
176272 | Zig:22   | Noticed a greater mummy
176274 | Zig:22   | Noticed a greater mummy
176276 | Zig:22   | Killed a greater mummy
176277 | Zig:22   | Noticed a greater mummy
176278 | Zig:22   | Noticed a greater mummy
176281 | Zig:22   | Noticed a greater mummy
176281 | Zig:22   | Noticed a greater mummy
176282 | Zig:22   | Killed a greater mummy
176284 | Zig:22   | Noticed a greater mummy
176284 | Zig:22   | Noticed a greater mummy
176286 | Zig:22   | Noticed a greater mummy
176288 | Zig:22   | Killed a greater mummy
176290 | Zig:22   | Noticed a greater mummy
176292 | Zig:22   | Noticed a greater mummy
176295 | Zig:22   | Noticed a greater mummy
176295 | Zig:22   | Killed a greater mummy
176295 | Zig:22   | Killed a greater mummy
176295 | Zig:22   | Killed a greater mummy
176296 | Zig:22   | Killed a greater mummy
176296 | Zig:22   | Killed a greater mummy
176296 | Zig:22   | Killed a greater mummy
176300 | Zig:22   | Noticed a greater mummy
176301 | Zig:22   | Killed a greater mummy
176302 | Zig:22   | Killed a greater mummy
176303 | Zig:22   | Noticed a greater mummy
176303 | Zig:22   | Killed a greater mummy
176303 | Zig:22   | Killed a greater mummy
176303 | Zig:22   | Killed a greater mummy
176303 | Zig:22   | Killed a greater mummy
176303 | Zig:22   | Killed a greater mummy
176304 | Zig:22   | Killed a greater mummy
176307 | Zig:22   | Noticed a greater mummy
176308 | Zig:22   | Killed a greater mummy
176310 | Zig:22   | Noticed a greater mummy
176314 | Zig:22   | Noticed a greater mummy
176319 | Zig:22   | Noticed a greater mummy
176320 | Zig:22   | Noticed a greater mummy
176320 | Zig:22   | Noticed a greater mummy
176320 | Zig:22   | Killed a greater mummy
176321 | Zig:22   | Noticed a greater mummy
176335 | Zig:22   | Noticed a greater mummy
176336 | Zig:22   | Killed a greater mummy
176359 | Zig:22   | Killed a greater mummy
176364 | Zig:22   | Killed a greater mummy
176367 | Zig:22   | Noticed a greater mummy
176367 | Zig:22   | Noticed a greater mummy
176368 | Zig:22   | Noticed a greater mummy
176370 | Zig:22   | Noticed a greater mummy
176373 | Zig:22   | Killed a greater mummy
176374 | Zig:22   | Killed a greater mummy
176374 | Zig:22   | Killed a greater mummy
176380 | Zig:22   | Noticed a greater mummy
176385 | Zig:22   | Killed a greater mummy
176387 | Zig:22   | Killed a greater mummy
176395 | Zig:22   | Killed a greater mummy
176399 | Zig:22   | Killed a greater mummy
176405 | Zig:22   | Noticed a greater mummy
176405 | Zig:22   | Killed a greater mummy
176413 | Zig:22   | Noticed a greater mummy
176444 | Zig:22   | Killed a greater mummy
176444 | Zig:22   | Killed a greater mummy
176445 | Zig:22   | Killed a greater mummy
176592 | Zig:23   | Entered Level 23 of a ziggurat
176722 | Zig:23   | Got a transparent steel ring
176731 | Zig:23   | Identified the ring of Xot Peew {Wiz MR+ Stlth+} (You found it on level 23 of a ziggurat)
176734 | Zig:23   | Got a scintillating steel ring
176735 | Zig:23   | Identified the ring "Utasisat" {rCorr rC+} (You found it on level 23 of a ziggurat)
176739 | Zig:23   | Got a warped brass amulet
176740 | Zig:23   | Identified the amulet "Poihen" {+Rage MP+9 Str-3 Int+8 Dex+3} (You found it on level 23 of a ziggurat)
176744 | Zig:23   | Got a translucent jade ring
176745 | Zig:23   | Identified the ring "Axkit" {MR+ Int+2 Dex+2} (You found it on level 23 of a ziggurat)
176750 | Zig:23   | Identified the scarf of Gamidiol {*Corrode rPois Int+2} (You found it on level 23 of a ziggurat)
176838 | Zig:24   | Entered Level 24 of a ziggurat
176934 | Zig:24   | HP: 9/327 [emperor scorpion (9)]
176936 | Zig:24   | Mangled by a jumping spider

Skill      XL: |  1  2  3  4  5  6  7  8  9 10 11 12 13 14 15 16 17 18 19 20 21 22 23 24 25 26 27 |
---------------+----------------------------------------------------------------------------------+-----
Spellcasting   | 2 3 4 7 8 9 10 11 12 15 17 18 27 | 27.0
Necromancy     | 5 6 7 9 10 12 15 16 17 18 27 | 27.0
Fighting       | 1 2 3 4 6 8 9 10 12 13 14 15 27 | 27.0
Evocations     | 5 6 27 | 27.0
Dodging        | 3 9 11 13 27 | 27.0
Armour         | 3 5 7 10 12 13 15 16 18 19 27 | 27.0
Axes           | 4 8 13 17 18 21 24 25 26 27 | 27.0
Crossbows      | 3 5 27 | 27.0
Summonings     | 1 27 | 27.0
Charms         | 1 5 8 27 | 27.0
Transmutations | 3 27 | 27.0
Fire Magic     | 3 27 | 27.0
Air Magic      | 5 8 26 | 26.1
Poison Magic   | 3 26 | 26.7
Conjurations   | 3 27 | 27.0
Hexes          | 4 5 26 | 26.9
Translocations | 7 27 | 27.0
Unarmed Combat | 27 | 27.0
Short Blades   | 27 | 27.0
Maces & Flails | 26 | 26.5
Stealth        | 27 | 27.0
Long Blades    | 8 |  8.2
Invocations    | 27 | 27.0
Staves         | 17 | 17.8
Throwing       | 27 | 27.0
Polearms       | 12 | 12.4
Earth Magic    | 27 | 27.0

Action                   |  1- 3 |  4- 6 |  7- 9 | 10-12 | 13-15 | 16-18 | 19-21 | 22-24 | 25-27 || total
-------------------------+-------+-------+-------+-------+-------+-------+-------+-------+-------++-------
Melee: Unarmed           |     2 |       |       |       |       |       |       |       |       ||     2
       Spear             |    21 |    96 |   138 |    20 |       |       |       |       |       ||   275
       Dagger            |       |       |   130 |   425 |   999 |       |       |       |       ||  1554
       Battleaxe         |       |       |       |     4 |    55 |   569 |   117 |       |       ||   745
       Hand axe          |       |       |       |     2 |       |       |       |       |       ||     2
       Staff             |       |       |       |       |    72 |   438 |    29 |       |    17 ||   556
       Executioner's axe |       |       |       |       |       |       |  1886 |  1515 | 21597 || 24998
       Headbutt          |       |       |       |       |       |       |       |       |  4325 ||  4325
       Peck              |       |       |       |       |       |       |       |       |   569 ||   569
       Pair of quick bla |       |       |       |       |       |       |       |       |   428 ||   428
       Great sword       |       |       |       |       |       |       |       |       |     5 ||     5
       Whip              |       |       |       |       |       |       |       |       |     3 ||     3
       Punch             |       |       |       |       |       |       |       |       |     3 ||     3
 Fire: Blowgun           |       |       |       |     3 |       |       |       |       |     2 ||     5
       Arbalest          |       |       |       |       |       |     4 |       |       |   152 ||   156
       Heavy crossbow    |       |       |       |       |       |       |       |       |    73 ||    73
Throw: Throwing net      |       |       |       |     1 |     1 |     3 |       |       |       ||     5
 Cast: Pain              |    21 |    47 |    14 |     2 |     6 |     1 |       |       |       ||    91
       Vampiric Draining |     5 |    19 |    72 |   323 |   720 |  1049 |   168 |    71 |   521 ||  2948
       Dispel Undead     |       |       |       |       |       |     1 |       |   130 |   362 ||   493
       Mephitic Cloud    |       |       |       |       |       |       |     6 |     9 |    24 ||    39
       Conjure Flame     |       |       |       |       |       |       |     3 |     5 |    16 ||    24
       Ignite Poison     |       |       |       |       |       |       |       |     2 |     4 ||     6
       Blink             |       |       |       |       |       |       |       |     5 |   120 ||   125
       Swiftness         |       |       |       |       |       |       |       |     1 |       ||     1
       Song of Slaying   |       |       |       |       |       |       |       |     5 |   213 ||   218
       Spectral Weapon   |       |       |       |       |       |       |       |       |    19 ||    19
       Silence           |       |       |       |       |       |       |       |       |    28 ||    28
       Necromutation     |       |       |       |       |       |       |       |       |   696 ||   696
       Cigotuvi's Embrac |       |       |       |       |       |       |       |       |   121 ||   121
       Deflect Missiles  |       |       |       |       |       |       |       |       |    73 ||    73
       Portal Projectile |       |       |       |       |       |       |       |       |    16 ||    16
       Shroud of Golubri |       |       |       |       |       |       |       |       |     1 ||     1
Invok: Call Merchant     |       |       |       |     4 |     1 |     5 |     1 |       |    14 ||    25
       Potion Petition   |       |       |       |     1 |       |       |       |       |     1 ||     2
       Renounce Religion |       |       |       |       |       |       |       |       |     1 ||     1
 Abil: Evoke Invisibilit |       |       |       |       |       |     1 |       |       |       ||     1
       Evoke Flight      |       |       |       |       |       |       |     4 |       |     7 ||    11
       End Transformatio |       |       |       |       |       |       |       |       |    26 ||    26
       Stop Flying       |       |       |       |       |       |       |       |       |     1 ||     1
Evoke: Wand              |       |       |     5 |    24 |    31 |    27 |     1 |       |    52 ||   140
       Box of beasts     |       |       |       |     2 |     1 |     1 |       |       |     2 ||     6
       Lamp of fire      |       |       |       |       |     2 |     4 |       |       |     4 ||    10
       Sack of spiders   |       |       |       |       |       |     3 |     3 |       |     4 ||    10
       Figurine of a zig |       |       |       |       |       |       |       |       |     6 ||     6
  Use: Scroll            |       |       |     7 |    12 |    11 |    18 |     9 |     6 |   285 ||   348
       Potion            |       |       |     1 |     2 |     1 |    19 |     6 |     3 |    89 ||   121
 Stab: Sleeping          |       |     3 |     6 |     5 |       |       |       |       |     5 ||    19
       Distracted        |       |     1 |     4 |     3 |     8 |     8 |    22 |    25 |   159 ||   230
       Held in net/web   |       |       |       |     1 |       |     1 |       |       |       ||     2
       Confused          |       |       |       |       |     5 |       |     4 |     4 |    30 ||    43
       Invisible         |       |       |       |       |       |     2 |       |       |    66 ||    68
       Petrifying        |       |       |       |       |       |       |       |       |    79 ||    79
       Petrified         |       |       |       |       |       |       |       |       |    77 ||    77
       Paralysed         |       |       |       |       |       |       |       |       |     6 ||     6
  Eat: Chunk             |       |     2 |       |       |       |       |       |       |       ||     2
       Bread ration      |       |     2 |     3 |     2 |     2 |     4 |     8 |     8 |    11 ||    40
       Meat ration       |       |       |       |     2 |     5 |     7 |     2 |     2 |    15 ||    33
       Royal jelly       |       |       |       |     1 |     5 |     2 |     2 |     3 |    18 ||    31
       Fruit             |       |       |       |       |       |     1 |     4 |    11 |    12 ||    28
Armor: Ring mail         |    10 |    28 |    83 |    45 |       |       |       |       |       ||   166
       Chain mail        |       |       |       |   149 |   843 |   697 |       |    88 |       ||  1777
       Plate armour      |       |       |       |       |       |    65 |  1223 |   548 |  4555 ||  6391
       Crystal plate arm |       |       |       |       |       |       |       |       | 10867 || 10867
       Pearl dragon scal |       |       |       |       |       |       |       |       |  1353 ||  1353
Dodge: Dodged            |    20 |    49 |   199 |   523 |  1373 |  1383 |  1361 |   774 | 31243 || 36925
       Deflected         |       |       |       |       |       |       |       |       |   861 ||   861
Block: Other             |       |       |       |       |       |    61 |   306 |   196 |  8982 ||  9545
       Reflection        |       |       |       |       |       |       |    11 |     8 |   215 ||   234
       Rpst.: Great sword |       |       |       |       |       |       |       |       |     4 ||     4
